 Dungeon Crawl Stone Soup version 0.28-a0-793-g31680bbd8b (webtiles) character file.

Game seed: 3929562585977383327

14731336 CurlyBrace the Intangible (level 27, 149/149 HPs)
             Began as a Felid Delver on Nov 2, 2021.
             Was the Champion of Fedhas.
             Escaped with the Orb
             ... and 15 runes on Nov 3, 2021!
             The game lasted 09:32:04 (107197 turns).

CurlyBrace the Intangible (Felid Delver)          Turns: 107197, Time: 09:32:04

Health: 149/149    AC:  3    Str: 13    XL:     27
Magic:  54/54      EV: 60    Int: 26    God:    Fedhas [******]
Gold:   8700       SH:  0    Dex: 33    Spells: 7/79 levels left
                                        Lives:  2   Deaths: 1

rFire   + + .      SeeInvis +     - Unarmed
rCold   + + +      Faith    .   (shield unavailable)
rNeg    . . .      Spirit   .   (armour unavailable)
rPois   +          Reflect  .   (helmet unavailable)
rElec   +          Harm     +   (cloak unavailable)
rCorr   .          Rampage  .   (gloves unavailable)
Will    +++++                   (boots unavailable)
Stlth   ++++......              j - amulet "Suxyll" {Contam Harm rElec Regen+ Dex+3}
HPRegen 1.34/turn               c - ring "Mudiuba" {rPois rF+ rC+ Str+3 Dex+4}
MPRegen 0.34/turn               a - ring "Daugomum" {*Slow Will+ Int+7 Dex+5}

@: studying Conjurations, quick
A: very small, claws 1, fangs 3, see invisible, speed 1, shaggy fur 3, stealthy
paws, no weapons or thrown items, no armour, multi-lived, cold resistance 2,
fire resistance 1, poison resistance, MP-powered wands
0: Orb of Zot
}: 15/15 runes: decaying, slimy, silver, golden, iron, obsidian, icy, bone,
abyssal, demonic, glowing, magical, fiery, dark, gossamer
a: Renounce Religion, Wall of Briars, Grow Ballistomycete, Overgrow, Grow Oklob


You escaped.
You worshipped Fedhas.
Fedhas was exalted by your worship.
You visited 18 branches of the dungeon, and saw 89 of its levels.
You visited Pandemonium 1 time, and saw 14 of its levels.
You visited the Abyss 1 time.
You completed 1 ziggurat, and saw 27 of its levels.
You also visited: Bailey and Ice Cave.

You collected 17263 gold pieces.
You spent 8563 gold pieces at shops.

Inventory:

Jewellery
 a - the ring "Daugomum" (right paw) {*Slow Will+ Int+7 Dex+5}
   (You acquired it on level 22 of a ziggurat)

   [ring of willpower]

   Int:       It affects your intelligence (+7).
   Dex:       It affects your dexterity (+5).
   *Slow:     It may slow you when you take damage.
   Will:      It increases your willpower.
 c - the ring "Mudiuba" (left paw) {rPois rF+ rC+ Str+3 Dex+4}
   (You found it on level 19 of a ziggurat)

   [ring of protection from fire]

   Str:       It affects your strength (+3).
   Dex:       It affects your dexterity (+4).
   rF:        It protects you from fire.
   rC:        It protects you from cold.
   rPois:     It protects you from poison.
 f - the ring "Nutixilu" {rF+ rC+ Will+}
   (You found it on level 5 of the Pits of Slime)

   [ring of protection from cold]

   rF:        It protects you from fire.
   rC:        It protects you from cold.
   Will:      It increases your willpower.
 j - the amulet "Suxyll" (around neck) {Contam Harm rElec Regen+ Dex+3}
   (You found it on level 3 of the Crypt)

   [amulet of regeneration]

   Dex:       It affects your dexterity (+3).
   rElec:     It insulates you from electricity.
   Contam:    It causes magical contamination when unequipped.
   Regen:     It increases your rate of health regeneration.
   Harm:      It increases damage dealt and taken.
 k - the ring "Cifa" {+Blink rElec rCorr Int+3 SInv}
   (You found it on level 5 of the Pits of Slime)

   [ring of resist corrosion]

   Int:       It affects your intelligence (+3).
   rElec:     It insulates you from electricity.
   SInv:      It lets you see invisible.
   +Blink:    It lets you blink.
   rCorr:     It protects you from acid and corrosion.
 l - the amulet of Axugan {Faith Rampage Regen+ Dex-3}
   (You found it on level 3 of the Tomb of the Ancients)

   [amulet of faith]

   It allows you to gain divine favour quickly.
   Dex:       It affects your dexterity (-3).
   Regen:     It increases your rate of health regeneration.
   Rampage:   It bestows one free step when moving towards enemies.
 p - the ring "Moahekk" {rN+ Str+3 Dex-2 Slay+6}
   (You found it on level 25 of a ziggurat)

   [ring of positive energy]

   Str:       It affects your strength (+3).
   Dex:       It affects your dexterity (-2).
   Slay:      It affects your accuracy & damage with ranged weapons and melee
   (+6).
   rN:        It protects you from negative energy.
 r - a ring of the Octopus King {rF+ AC+1 EV+1 Str+1 Int+1 Dex+1}
   (You found it on level 3 of the Tomb of the Ancients)

   [ring of protection from fire]

   AC:        It affects your AC (+1).
   EV:        It affects your evasion (+1).
   Str:       It affects your strength (+1).
   Int:       It affects your intelligence (+1).
   Dex:       It affects your dexterity (+1).
   rF:        It protects you from fire.
 s - the ring of the Mage {Wiz Will++ Int+3}
   (You took it off an orc on level 8 of the Dungeon)

   [ring of wizardry]

   It improves your spell success rate.
   Int:       It affects your intelligence (+3).
   Will:      It greatly increases your willpower.
 F - the amulet of Okawaru's Delight {Spirit Regen+}
   (You found it on level 3 of the Elven Halls)

   [amulet of guardian spirit]

   It causes incoming damage to be divided between your reserves of health and
   magic.
   Regen:     It increases your rate of health regeneration.
 H - the amulet "Watustue" {Spirit Harm +Blink rPois Stlth+}
   (You found it on level 17 of a ziggurat)

   [amulet of guardian spirit]

   It causes incoming damage to be divided between your reserves of health and
   magic.
   rPois:     It protects you from poison.
   +Blink:    It lets you blink.
   Harm:      It increases damage dealt and taken.
   Stlth:     It makes you more stealthy.
 L - the ring of Umeziutu {Str+6 Dex+4}
   (You found it on level 24 of a ziggurat)

   [ring of strength]

   Str:       It affects your strength (+6).
   Dex:       It affects your dexterity (+4).
 Q - the ring "Mieshrew" {rPois rF- rC+++ Int+8 Dex-4}
   (You found it on level 11 of a ziggurat)

   [ring of poison resistance]

   Int:       It affects your intelligence (+8).
   Dex:       It affects your dexterity (-4).
   rF:        It makes you vulnerable to fire.
   rC:        It renders you almost immune to cold.
   rPois:     It protects you from poison.
 Z - the ring of Ignis's Hatred {MP+9 Str+3}
   (You found it on level 10 of a ziggurat)

   [ring of magical power]

   Str:       It affects your strength (+3).
   MP:        It affects your magic capacity (+9).
Wands
 e - a wand of charming (31)
   (You found it on level 1 of the Lair of Beasts)
 u - a wand of acid (21)
   (You found it on level 5 of the Pits of Slime)
 v - a wand of digging (43)
 C - a wand of flame (131)
   (You found it in an ice cave)
 D - a wand of iceblast (28)
   (You found it on level 9 of the Dungeon)
 R - a wand of mindburst (60)
   (You found it on level 1 of the Spider Nest)
 T - a wand of paralysis (30)
   (You found it on level 4 of the Vaults)
Scrolls
 d - 3 scrolls of immolation
 o - 20 scrolls of fog
 t - 42 scrolls of teleportation
 B - 7 scrolls of magic mapping
 I - 6 scrolls of amnesia
 M - 7 scrolls of torment
 S - 3 scrolls of holy word
 U - 2 scrolls of summoning
 V - 12 scrolls of fear
Potions
 h - 3 potions of haste
 i - 3 potions of berserk rage
 m - 10 potions of flight
 n - 4 potions of resistance
 q - 17 potions of curing
 w - 2 potions of heal wounds
 x - 11 potions of mutation
 y - 5 potions of magic
 A - 2 potions of invisibility
 E - a potion of brilliance
 J - 12 potions of ambrosia
 K - 8 potions of attraction
 O - a potion of cancellation
 P - 3 potions of lignification
Miscellaneous
 b - a phantom mirror
   (You found it on level 5 of the Vaults)
 g - a tin of tremorstones (2/2)
   (You found it in a bailey)
 G - 2 +1 figurines of a ziggurat
 N - a box of beasts
   (You found it on level 6 of the Lair of Beasts)
 W - a condenser vane
   (You found it on level 1 of the Vaults)
 X - a lightning rod (4/4)
   (You found it on level 8 of the Dungeon)
 Y - a phial of floods
   (You found it on level 5 of the Vaults)


   Skills:
 O Level 27 Fighting
 O Level 27 Dodging
 O Level 27 Stealth
 O Level 27 Unarmed Combat
 * Level 26.6 Spellcasting
 - Level 5.0 Conjurations
 - Level 12.0 Hexes
 - Level 10.0 Necromancy
 - Level 11.0 Translocations
 + Level 20.3 Transmutations
 - Level 2.0 Fire Magic
 - Level 2.0 Ice Magic
 - Level 20.0 Air Magic
 O Level 27 Earth Magic
 + Level 21.3 Invocations
 - Level 12.0 Evocations


You had 7 spell levels left.
You knew the following spells:

 Your Spells              Type           Power      Damage    Failure   Level
a - Apportation           Tloc           100%       N/A       0%          1
b - Blink                 Tloc           100%       N/A       0%          2
c - Passwall              Tmut/Erth      85%        N/A       0%          2
d - Sublimation of Blood  Necr           72%        N/A       1%          2
e - Lesser Beckoning      Tloc           75%        N/A       1%          3
f - Passage of Golubria   Tloc           75%        N/A       1%          4
g - Borgnjor's Vile Clut  Necr/Erth      46%        N/A       0%          5
h - Lee's Rapid Deconstr  Erth           54%        3d26*     0%          5
i - Manifold Assault      Tloc           75%        N/A       1%          5
j - Irradiate             Conj/Tmut      39%        3d26      1%          5
k - Invisibility          Hex            38%        N/A       1%          6
l - Statue Form           Tmut/Erth      68%        N/A       0%          6
m - Dragon Form           Tmut           48%        N/A       1%          7
n - Storm Form            Tmut/Air       48%        N/A       1%          7
o - Shatter               Erth           54%        3d41*     1%          9
p - Ozocubu's Armour      Ice            44%        N/A       1%          3

Your spell library contained the following spells:

 Spells                   Type           Power      Damage    Failure   Level
 Animate Skeleton         Necr           100%       N/A       0%          1
 Beastly Appendage        Tmut           100%       N/A       0%          1
 Pain                     Necr           100%       1d9       0%          1
 Sandblast                Erth           100%       2d20      0%          1
 Shock                    Conj/Air       100%       1d9       0%          1
 Slow                     Hex            100%       N/A       0%          1
 Sting                    Tmut/Pois      100%       1d8       0%          1
 Corpse Rot               Necr/Air       100%       N/A       0%          2
 Static Discharge         Conj/Air       79%        N/A       0%          2
 Wereblood                Tmut           96%        N/A       0%          2
 Stone Arrow              Conj/Erth      100%       3d13      0%          3
 Swiftness                Air            95%        N/A       0%          3
 Airstrike                Air            47%        N/A       0%          4
 Leda's Liquefaction      Hex/Erth       47%        N/A       0%          4
 Petrify                  Tmut/Erth      100%       N/A       0%          4
 Blade Hands              Tmut           48%        N/A       0%          5
 Foxfire                  Conj/Fire      100%       2x1d9     1%          1
 Freeze                   Ice            100%       1d11      1%          1
 Magic Dart               Conj           100%       1d8       1%          1
 Summon Small Mammal      Summ           100%       N/A       1%          1
 Call Imp                 Summ           34%        N/A       1%          2
 Ensorcelled Hibernation  Hex/Ice        100%       N/A       1%          2
 Poisonous Vapours        Pois/Air       100%       N/A       1%          2
 Searing Ray              Conj           100%       2d8       1%          2
 Confusing Touch          Hex            77%        N/A       1%          3
 Conjure Flame            Conj/Fire      51%        6-21      1%          3
 Dazzling Flash           Conj/Hex       100%       N/A       1%          3
 Frozen Ramparts          Ice            88%        1d10      1%          3
 Gell's Gravitas          Tloc           75%        N/A       1%          3
 Ignite Poison            Fire/Tmut/Pois 65%        N/A       1%          3
 Inner Flame              Hex/Fire       63%        N/A       1%          3
 Mephitic Cloud           Conj/Pois/Air  67%        N/A       1%          3
 Spider Form              Tmut/Pois      72%        N/A       1%          3
 Summon Guardian Golem    Hex/Summ       60%        N/A       1%          3
 Teleport Other           Tloc           75%        N/A       1%          3
 Tukima's Dance           Hex            77%        N/A       1%          3
 Vampiric Draining        Necr           72%        2d11      1%          3
 Animate Dead             Necr           36%        N/A       1%          4
 Cause Fear               Hex            38%        N/A       1%          4
 Dispel Undead            Necr           72%        3d24      1%          4
 Flame Wave               Conj/Fire      51%        3d10      1%          4
 Fulminant Prism          Conj/Hex       34%        3d16      1%          4
 Hailstorm                Conj/Ice       51%        3d11      1%          4
 Ice Form                 Ice/Tmut       75%        N/A       1%          4
 Iskenderun's Mystic Bla  Conj/Tloc      66%        2d14      1%          4
 Sticky Flame             Conj/Fire      51%        2d7       1%          4
 Summon Lightning Spire   Summ/Air       72%        N/A       1%          4
 Agony                    Necr           72%        N/A       1%          5
 Alistair's Intoxication  Tmut/Pois      48%        N/A       1%          5
 Freezing Cloud           Conj/Ice/Air   34%        6-21      1%          5
 Lightning Bolt           Conj/Air       39%        1d58      1%          5
 Metabolic Englaciation   Hex/Ice        31%        N/A       1%          5
 Silence                  Hex/Air        43%        N/A       1%          5
 Summon Mana Viper        Hex/Summ       60%        N/A       1%          5
 Yara's Violent Unravell  Hex/Tmut       43%        3d17      1%          5
 Dispersal                Tloc           37%        N/A       1%          6
 Eringya's Noxious Bog    Tmut/Pois      36%        N/A       1%          6
 Iron Shot                Conj/Erth      43%        9d8       1%          6
 Call Canine Familiar     Summ           34%        N/A       2%          3
 Summon Forest            Summ/Tloc      29%        N/A       2%          5
 Death Channel            Necr           36%        N/A       2%          6
 Summon Ice Beast         Ice/Summ       39%        N/A       5%          4
 Fireball                 Conj/Fire      25%        3d11      5%          5
 Olgreb's Toxic Radiance  Pois           34%        N/A       9%          4
 Simulacrum               Ice/Necr       30%        N/A       11%         6
 Starburst                Conj/Fire      25%        6d8       30%         6
 Malign Gateway           Summ/Tloc      29%        N/A       58%         7
 Summon Cactus Giant      Summ           17%        N/A       78%         6
 Spellforged Servitor     Conj/Summ      23%        N/A       95%         7
 Ozocubu's Refrigeration  Ice            22%        4d9       97%         7
 Summon Hydra             Summ           17%        N/A       100%        7
 Maxwell's Capacitive Co  Air            47%        ∞         1%          8
 Necromutation            Tmut/Necr      42%        N/A       11%         8
 Borgnjor's Revivificati  Necr           36%        N/A       67%         8
 Chain Lightning          Conj/Air       39%        3d52      99%         9
 Ignition                 Fire           22%        3d8       100%        8
 Summon Horrible Things   Summ           17%        N/A       100%        8
 Death's Door             Necr           36%        N/A       100%        9
 Dragon's Call            Summ           17%        N/A       100%        9
 Fire Storm               Conj/Fire      25%        8d7       100%        9
 Polar Vortex             Ice            22%        N/A       100%        9
 Portal Projectile        Hex/Tloc       Unusable   N/A       N/A         3
 Animate Armour           Summ/Erth      Unusable   N/A       N/A         4
 Excruciating Wounds      Necr           Unusable   N/A       N/A         5

Dungeon Overview and Level Annotations

Branches:
Dungeon (15/15)            Temple (1/1) D:5            Lair (6/6) D:11
  Swamp (4/4) Lair:2       Spider (4/4) Lair:4        Slime (5/5) Lair:5
    Orc (2/2) D:12            Elf (3/3) Orc:2        Vaults (5/5) D:14
  Crypt (3/3) Vaults:3       Tomb (3/3) Crypt:3      Depths (4/4) D:15
   Hell (visited)             Dis (7/7) Hell            Geh (7/7) Hell
    Coc (7/7) Hell            Tar (7/7) Hell            Zot (5/5) Depths:4
 Bailey (visited)           IceCv (visited)

Altars:
Ashenzari
Cheibriados
Dithmenos
Elyvilon
Fedhas
Gozag
Hepliaklqana
Kikubaaqudgha
Makhleb
Nemelex Xobeh
Okawaru
Qazlal
Ru
Sif Muna
Trog
Uskayaw
Vehumet
Wu Jian
Xom
Yredelemnul
Zin
The Shining One
Beogh
Jiyva
Lugonu

Shops:
D:5 [   D:9 *   D:13 =   Orc:2 (*:[   Elf:1 ?   Elf:2 :*   Elf:3 =   Vaults:1 [
Vaults:5 :!?   Depths:1 :=:   Depths:4 [

Portals:
Hell: Depths:1 Depths:2 Depths:3 Depths:4
Abyss: Lair:6 Depths:1 Depths:2 Depths:3 Depths:4
Pandemonium: Depths:2 Depths:4


Innate Abilities, Weirdness & Mutations

You have sharp claws.
You have razor-sharp teeth.
You have supernaturally acute eyesight. (SInv)
You cover ground quickly. (Speed+)
Your thick and shaggy fur keeps you warm. (AC +3, rC+)
Your paws help you pounce on unaware monsters.
You are incapable of wielding weapons or throwing items.
You cannot wear armour.
You gain extra lives every three experience levels.
Your flesh is very cold resistant. (rC++)
Your flesh is heat resistant. (rF+)
Your system is resistant to poisons. (rPois)
You expend magic power (3 MP) to strengthen your wands.


Message History

Fedhas accepts your kill.
No target in view!
No target in view!
You revert to your normal fleshy form.
(D) Dungeon (T) Temple (L) Lair (S) Swamp (N) Spider Nest (M) Slime Pits (O) Orcish Mines (E) Elven Halls (V) Vaults (C) Crypt (W) Tomb (U) Depths (H) Hell (I) Dis (G) Gehenna (X) Cocytus (Y) Tartarus (Z) Zot
Where to? (Enter - D:1 @ (x,y), ? - help)
What level of the Dungeon? (default 1, ? - help)
There is a stone staircase leading up here.
You climb upwards.
There is a stone staircase leading down here.
There is a stone staircase leading up here.
You climb upwards.
There is a stone staircase leading down here.
You see here 22 stones.
Magic restored.
There is a stone staircase leading up here.
You climb upwards.
There is a stone staircase leading down here.
There is a stone staircase leading up here.
You climb upwards.
There is a stone staircase leading down here.
There is a stone staircase leading up here.
You climb upwards.
There is a stone staircase leading down here.
There is a stone staircase leading up here.
You climb upwards.
There is a stone staircase leading down here.
There is an open door here.
There is an open door here.
You see here a +0 whip.
There is an open door here.
There is a staircase leading out of the dungeon here.
Unknown command.
Unknown command.
Unknown command.
You have escaped!

#.........# #.........#
#####......#################
#...'.......................
#.###......##############.##
#.# ######## #.# #.# #.♣♣♣
######## #.# #.###..8♣
######......###.# #>..#.♣♣♣
#@.##.......'...#
###.#.#####..'....)...###.#
#...'(..##'##.....### #.#
#.#.#.♣.'..#♣.#.#.#####.#
#.#.#...#.##♣.#.#.......#
#.#.#######♣♣.#.#.......#
######.#..≈≈≈# #♣..#.#.......#
#....#......⌠#♣♣...#.#.......##
#.##)#.#######...#.#.#.......#.


There were no monsters in sight!

Vanquished Creatures
  Cerebov (Pan)
  Asmodeus (Geh:7)
  the Royal Jelly (Slime:5)
  Antaeus (Coc:7)
  Ereshkigal (Tar:7)
  Gloorx Vloq (Pan)
  Lom Lobon (Pan)
  Mnoleg (Pan)
  Khufu (Crypt:1)
  Dispater (Dis:7)
  12 dread liches
  16 ancient liches
  4 orbs of fire
  Mara (Spider:4)
  29 juggernauts
  37 royal mummies
  The ghost of Bailed the Peltast, a veteran MiMo of Qazlal (Vaults:1)
  Frederick (Crypt:2)
  9 Killer Klowns (Zot:5)
  26 shard shrikes
  The ghost of Ugguttuj the Peltast, a veteran DrWn of Okawaru (Vaults:1)
  7 caustic shrikes
  5 curse toes
  Geryon (Hell)
  Jory (Tomb:2)
  6 profane servitors
  19 golden dragons
  the Enchantress (Depths:4)
  4 pandemonium lords
  5 pearl dragons
  Nikola (Depths:2)
  The ghost of blank1 the Slayer, an adept MiFi of Okawaru (Vaults:2)
  17 bone dragons
  9 doom hounds
  6 electric golems
  11 Tzitzimimeh
  11 Brimstone Fiends
  6 hellephants
  17 Ice Fiends
  13 tentacled monstrosities
  Jorgrun (Elf:2)
  2 walking earthen tomes (Depths:3)
  16 liches
  20 iron giants
  9 tainted leviathans
  19 Hell Sentinels
  11 searing wretches
  25 Orb Guardians (Zot:5)
  16 quicksilver dragons
  Asterion (Vaults:3)
  6 deep elf blademasters
  4 deep elf master archers
  23 acid blobs
  27 titans
  4 tentacled starspawn (Zig:22)
  10 Executioners (Pan)
  8 death cobs
  13 sphinxes
  Murray (Hell)
  8 tengu reavers
  32 ancient champions
  Kirke (D:15)
  11 shadow dragons
  9 draconian knights
  Roxanne (Swamp:2)
  10 storm dragons
  7 rockslimes
  2 demonspawn warmongers (Pan)
  16 draconian monks
  Donald (Spider:2)
  26 nagarajas
  8 daevas
  12 revenants
  15 narguns
  26 orc warlords
  10 deep elf sorcerers
  12 azure jellies
  9 iron dragons
  10 ghost moths
  2 fenstrider witches (Swamp:1)
  10 quicksilver elementals
  27 fire giants
  16 frost giants
  25 balrugs
  A fire giant (shapeshifter) (Zig:4)
  13 cacodemons
  2 caustic shrike zombies
  The ghost of Tiah the Grappler, a journeyman TrMo of Jiyva (Lair:6)
  6 draconian scorchers
  8 draconian shifters
  9 emperor scorpions (Spider:4)
  9 angels
  3 ghouls
  9 curse skulls
  A spectral caustic shrike (Tar:3)
  15 draconian annihilators
  The ghost of Lunaplom the Severer, a journeyman MiBe of Trog (Lair:6)
  6 draconian stormcallers
  Aizul (Depths:2)
  18 vault wardens
  7 deep elf elementalists
  23 ironbound preservers
  14 reapers
  7 spriggan defenders
  6 shard shrike simulacra
  52 very ugly things
  A stone giant (shapeshifter) (Zig:24)
  2 demonspawn corrupters (Zig:22)
  16 quicksilver oozes
  4 demonspawn blood saints (Zig:19)
  19 war gargoyles
  2 caustic shrike skeletons
  9 vampire knights
  29 stone giants
  18 apis
  7 ophanim
  20 bennus
  Nessos (D:14)
  23 elemental wellsprings
  6 putrid mouths
  19 green draconians
  19 black draconians
  10 deep elf demonologists
  7 lorocyprocas
  4 bunyips
  A demonspawn black sun (Pan)
  19 yellow draconians
  12 red draconians
  11 deep elf annihilators
  11 white draconians
  18 dire elephants
  9 entropy weavers
  8 spark wasps
  11 wendigos
  10 eidola
  5 green deaths
  4 merfolk javelineers (Zig:25)
  Snorg (D:13)
  13 purple draconians
  7 blizzard demons
  9 deep elf death magi
  9 jiangshi
  2 crystal guardians (Zig:16)
  18 ettins
  38 mummy priests
  5 eleionomae
  27 iron golems
  12 fire dragons
  The ghost of petzl the Covert, a journeyman OpAM of Vehumet (Orc:2)
  2 kraken zombies (Hell)
  6 merfolk impalers (Zig:25)
  16 yaktaur captains
  8 great orbs of eyes
  12 deep elf high priests
  3 hell beasts (Pan)
  18 hydras
  10 ironbound thunderhulks
  2 ghost crabs
  30 salamander tyrants
  A quicksilver dragon skeleton (Tomb:3)
  15 ice dragons
  10 rakshasas
  11 naga warriors
  10 boulder beetles
  9 spriggan air magi
  17 vault guards
  6 ogre magi
  8 caustic shrike simulacra
  11 ironbound frosthearts
  2 alligator snapping turtles (Zig:25)
  2 catoblepae
  16 merfolk aquamancers
  A peacekeeper (Vaults:2)
  A merfolk avatar (Zig:25)
  10 centaur warriors
  21 two-headed ogres
  5 alligators
  4 anacondas
  5 stokers
  6 death knights
  5 deep troll earth magi
  30 dancing weapons
  79 death scarabs
  3 juggernaut simulacra
  14 hell hogs
  A satyr (Zig:25)
  3 deep troll shamans
  5 tengu warriors
  11 vampire magi
  2 death yaks (Zig:6)
  Urug (D:10)
  20 orc high priests
  9 spriggan berserkers
  A titan zombie (Hell)
  8 naga sharpshooters
  A spectral dire elephant (Tar:2)
  A spectral spriggan (Tar:1)
  8 crystal echidnas
  8 thrashing horrors
  8 shock serpents
  Sonja (D:11)
  22 sun demons
  8 hell knights
  19 deep elf knights
  3 storm dragon zombies
  A fire crab (shapeshifter) (Zig:24)
  23 soul eaters
  14 shadow wraiths
  13 iron trolls
  5 salamander mystics
  7 sea snakes (Zig:25)
  17 sixfirhies
  5 wretched stars
  2 bunyip zombies
  A spark wasp zombie (Hell)
  A storm dragon skeleton (Zig:18)
  41 skeletal warriors
  8 flayed ghosts
  3 goliath frogs
  8 bog bodies
  6 spriggan druids
  An anaconda zombie (Crypt:3)
  2 golden dragon zombies
  2 spatial maelstroms
  5 cherubim
  8 glowing orange brains
  A shadow dragon zombie (Tomb:2)
  7 naga ritualists
  6 quicksilver dragon simulacra
  3 golden dragon skeletons (Zig:18)
  78 deep trolls
  4 anaconda skeletons
  6 mana vipers
  19 ironbound convokers
  18 wizards
  3 bunyip skeletons
  4 orange crystal statues
  3 tengu zombies
  A sphinx zombie (Vaults:2)
  14 lindwurms
  3 swamp dragons
  12 phantasmal warriors
  20 harpies
  15 orc knights
  13 deep elf archers
  30 large abominations
  35 deep elf zephyrmancers
  14 orb spiders
  3 obsidian statues
  30 wolf spiders
  13 necromancers
  71 ugly things
  A stone giant zombie (Vaults:2)
  7 fauns (Zig:25)
  A mana viper (shapeshifter) (Vaults:5)
  A wolf spider zombie (Crypt:1)
  9 manticores
  8 worldbinders
  31 deep elf pyromancers
  16 orc sorcerers
  An iron dragon zombie (Hell)
  A will-o-the-wisp (Swamp:1)
  4 shining eyes
  4 elephants (Lair:4)
  3 frost giant zombies
  15 cyclopes
  A sphinx skeleton (Zig:18)
  A salamander (Zig:15)
  4 apocalypse crabs
  9 ice statues
  50 moths of wrath
  5 guardian serpents
  45 smoke demons
  35 black mambas
  3 eyes of devastation
  A naga zombie (Crypt:1)
  9 naga magi
  9 water nymphs
  3 merfolk sirens (Zig:25)
  A dire elephant zombie (Hell)
  3 spriggan zombies
  2 rust devils (Depths:4)
  3 torpor snails
  2 water nymphs (shapeshifter)
  17 vault sentinels
  An alligator snapping turtle zombie (Tomb:2)
  3 molten gargoyles (Hell)
  A titan simulacrum (Coc:3)
  8 orange demons (Pan)
  5 centaur skeletons
  A minotaur zombie (Crypt:2)
  22 hellions
  An alligator snapping turtle skeleton (Tomb:3)
  A rime drake (shapeshifter) (Zig:24)
  9 cane toads
  9 efreet
  2 unseen horrors
  27 tormentors
  2 gargoyles (Zig:16)
  11 komodo dragons
  37 yaktaurs
  25 freezing wraiths
  A spriggan skeleton (Crypt:3)
  4 kobold demonologists
  3 rime drakes
  3 sea snake zombies (Hell)
  4 ice devils
  A catoblepas skeleton (Tomb:2)
  3 golden dragon simulacra (IceCv)
  6 anaconda simulacra
  9 hellwings
  68 guardian mummies
  3 iron giant simulacra
  13 ancient zymes
  A meliai (shapeshifter) (Depths:2)
  14 demonic crawlers
  47 jumping spiders
  7 tengu conjurers
  17 merfolk (Zig:25)
  10 trolls
  3 bloated husks (Swamp:1)
  3 polar bears
  2 entropy weaver simulacra (IceCv)
  A queen bee (D:11)
  A shadow dragon simulacrum (Coc:1)
  An iron troll skeleton (Crypt:1)
  4 harpy zombies
  A hydra zombie (Hell)
  A harpy skeleton (Tomb:3)
  4 tyrant leeches
  A hydra skeleton (Hell)
  14 raiju
  A dream sheep (shapeshifter) (Zig:24)
  A stone giant simulacrum (Crypt:1)
  12 hornets
  An iron dragon simulacrum (Coc:3)
  80 slime creatures
  7 snapping turtles (Zig:25)
  A dream sheep (D:8)
  3 wind drakes (Zig:25)
  An ettin zombie (Hell)
  3 meliai zombies
  A snapping turtle (shapeshifter) (Zig:24)
  27 blink frogs
  An alligator zombie (Hell)
  A tarantella zombie (Crypt:1)
  20 flying skulls
  Sigmund (D:2)
  A fire dragon zombie (Crypt:1)
  3 centaur simulacra
  6 air elementals
  An alligator skeleton (Hell)
  An ice dragon skeleton (Crypt:1)
  16 spriggans
  2 ettin skeletons
  3 ynoxinuls
  7 dire elephant simulacra
  14 ushabtiu
  An alligator snapping turtle simulacrum (Coc:3)
  72 redbacks
  8 wraiths
  2 vampires
  17 starcursed masses
  A human (shapeshifter) (D:14)
  12 water elementals
  42 yaks
  16 humans (D:14)
  4 spriggan simulacra
  24 tarantellas
  5 fire elementals
  6 wyverns
  6 swamp worm simulacra (Swamp:4)
  19 neqoxecs
  A black mamba skeleton (Crypt:3)
  3 steam dragons
  A golden eye (shapeshifter) (D:14)
  3 golden eyes
  2 hogs (D:15)
  16 chaos spawn
  4 vampire mosquitoes
  9 basilisks
  A glowing shapeshifter zombie (Crypt:3)
  A spatial vortex (Abyss:3)
  5 wargs
  An acid dragon (D:9)
  11 harpy simulacra
  5 nagas
  16 swamp worms
  3 swamp worms (shapeshifter)
  16 hydra simulacra
  A floating eye (shapeshifter) (Zig:24)
  12 water moccasins
  3 hell hounds
  4 floating eyes
  3 ice beasts
  38 orc warriors
  A sky beast (D:7)
  An ice dragon simulacrum (Hell)
  A naga skeleton (Pan)
  A hornet zombie (D:8)
  21 small abominations
  2 swamp drakes (Swamp:1)
  2 black bears
  6 alligator simulacra
  7 necrophages
  14 wolves
  8 ettin simulacra
  14 centaurs
  An ogre (shapeshifter) (Vaults:5)
  A snapping turtle skeleton (Crypt:1)
  33 ogres
  A phantom (D:3)
  An octopode zombie (Crypt:1)
  Blork the orc (D:4)
  A yaktaur zombie (Crypt:3)
  2 kobold brigands
  7 earth elementals
  15 bullfrogs
  3 gnoll sergeants
  3 scorpions
  4 human skeletons
  2 palentonga skeletons (Crypt:3)
  A wyvern zombie (D:4)
  2 deep troll simulacra (IceCv)
  A yaktaur skeleton (Crypt:3)
  A wyvern skeleton (D:5)
  6 lindwurm simulacra (IceCv)
  A troll skeleton (Crypt:1)
  24 killer bees
  2 electric eels
  22 wights
  9 centaur zombies
  6 howler monkeys
  3 quasits (Orc:2)
  2 hounds
  2 jellies
  A basilisk zombie (Crypt:2)
  16 orc priests
  2 human zombies
  Crazy Yiuf (D:2)
  5 iron imps
  5 iguanas
  10 orc wizards
  9 hell rats (Lair:6)
  An ogre zombie (Crypt:2)
  A tengu skeleton (Crypt:3)
  61 mummies
  A howler monkey skeleton (D:5)
  Robin (D:3)
  11 gnolls
  3 river rats (D:4)
  3 adders
  A shadow imp (D:7)
  A white imp (Abyss:3)
  A halfling zombie (Crypt:2)
  A lava snake skeleton (Crypt:2)
  An adder skeleton (D:5)
  3 worms
  A dart slug (D:12)
  61 orcs
  5 ball pythons
  6 bats
  A bat skeleton (Crypt:1)
  8 endoplasms
  4 giant cockroaches
  19 goblins
  12 hobgoblins
  6 quokkas
  4 frilled lizards
  A frilled lizard zombie (Crypt:1)
  A jackal skeleton (Crypt:2)
  28 kobolds
  8 rats
  A rat skeleton (Crypt:2)
  A river rat skeleton (Crypt:3)
  A river rat zombie (Crypt:3)
  3 ball lightnings (Pan)
  4 ballistomycete spores
  A creeping inferno (Geh:5)
  9 fire vortices
  4 starspawn tentacles (Zig:22)
  3 tentacles (Hell)
4542 creatures vanquished.

Vanquished Creatures (collateral kills)
  Margery (Vaults:5)
  2 golden dragons (Vaults:5)
  A Hell Sentinel (Dis:7)
  A tainted leviathan (Tar:7)
  2 tengu reavers (Vaults:5)
  A fire giant (Vaults:5)
  A frost giant (Vaults:5)
  2 vault wardens (Vaults:5)
  An iron dragon (Vaults:5)
  A putrid mouth (Tar:7)
  An ironbound preserver (Vaults:5)
  The ghost of Ucuahorph the Devastator, a journeyman DsCj of Qazlal (Lair:6)
  A deep elf death mage (Vaults:5)
  A green death (Pan)
  17 vault guards (Vaults:5)
  A naga warrior (Zig:26)
  3 two-headed ogres (Orc:2)
  An orc high priest (Zig:21)
  4 hell knights (Vaults:5)
  An ironbound convoker (Vaults:5)
  2 necromancers (Vaults:5)
  An orb spider (Spider:4)
  A moth of wrath (shapeshifter) (Zig:24)
  A freezing wraith (IceCv)
  A jumping spider (Spider:2)
  A redback (Spider:4)
  A minotaur simulacrum (IceCv)
  A floating eye (shapeshifter) (Vaults:5)
  8 ogres
  66 ballistomycete spores
127 creatures vanquished.

Vanquished Creatures (others)
  2 doom hounds (Tar:7)
  An iron giant (Dis:7)
  A deep elf master archer (Zig:10)
  2 thorn hunters (Abyss:4)
  An eldritch tentacle (Pan)
  A storm dragon (Zot:2)
  A stone giant (Depths:4)
  A draconian annihilator (Pan)
  A mummy priest (Tomb:1)
  A green death (Pan)
  A deep elf high priest (Elf:3)
  A shambling mangrove (Abyss:4)
  An ogre mage (Vaults:5)
  A spriggan air mage (Pan)
  2 dancing weapons
  A shadow wraith (Zig:22)
  3 deep trolls
  2 deep elf archers (Elf:2)
  3 wizards
  2 harpies (Zig:25)
  An orc knight (Vaults:4)
  2 deep elf zephyrmancers
  An ugly thing (Vaults:4)
  A black mamba (Zig:12)
  A cane toad (shapeshifter) (Zig:10)
  2 yaktaurs
  2 bloated husks (Swamp:4)
  A fire bat (Abyss:3)
  3 humans (D:15)
  2 golden eyes (Zig:22)
  A fire elemental (Zig:10)
  2 swamp worm simulacra (Swamp:4)
  A hydra simulacrum (Swamp:4)
  An orc warrior (Zig:21)
  A centaur (D:15)
  A komodo dragon skeleton (Crypt:3)
  3 ball lightnings (Pan)
  9 ballistomycete spores
  A bush (Depths:1)
  A creeping inferno (Geh:5)
  A fire vortex (Pan)
  741 foxfires
  15 fungi
  A lurking horror (Abyss:3)
  42 plants
  8 starspawn tentacles (Zig:22)
  8 tentacles (Hell)
  6 withered plants (Vaults:1)
888 creatures vanquished.

Grand Total: 5557 creatures vanquished

Notes
Turn   | Place    | Note
-------+----------+-------------------------------------------
     0 | D:5      | CurlyBrace the Felid Delver began the quest for the Orb.
     0 | D:5      | Reached XP level 1. HP: 10/10 MP: 2/2
    25 | D:5      | Found a staircase to the Ecumenical Temple.
    29 | D:5      | Noticed a scorpion
    91 | D:5      | Found Plog's Armour Boutique.
   128 | Temple   | Entered the Ecumenical Temple
   433 | D:5      | Reached XP level 2. HP: 14/14 MP: 3/3
   456 | D:5      | Found a hide-covered altar of Uskayaw.
   457 | D:5      | Found a shimmering blue altar of Sif Muna.
   498 | D:3      | Found a shimmering altar of Xom.
   567 | D:4      | Noticed Blork the orc
   657 | D:1      | Found a faded altar of an unknown god.
   788 | D:1      | Reached XP level 3. HP: 15/17 MP: 4/4
  1974 | D:2      | You fall into a shaft and drop 1 floor!
  1974 | D:3      | Noticed an ogre
  2120 | D:2      | Noticed Sigmund
  2145 | D:2      | Found a runed translucent door.
  2146 | D:2      | Noticed Crazy Yiuf
  2306 | D:3      | Reached XP level 4. HP: 16/21 MP: 5/5
  2565 | D:3      | Found a stormy altar of Qazlal.
  2738 | D:3      | Learned a level 1 spell: Foxfire
  3065 | D:2      | Noticed Robin
  3350 | D:3      | Killed Robin
  3535 | D:3      | Found a blossoming altar of Fedhas.
  3541 | D:3      | Became a worshipper of Fedhas Madash
  4245 | D:2      | Killed Sigmund
  4246 | D:2      | Reached XP level 5. HP: 25/25 MP: 6/6
  4246 | D:2      | Gained mutation: You are covered in thick fur. (AC +2)
                  | [Felid growth]
  4246 | D:2      | Reached XP level 6. HP: 29/29 MP: 7/7
  4514 | D:3      | Learned a level 3 spell: Conjure Flame
  5077 | D:3      | Reached skill level 5 in Fighting
  5366 | D:4      | Killed Blork the orc
  5367 | D:4      | Reached skill level 5 in Unarmed Combat
  5367 | D:4      | Reached skill level 1 in Spellcasting
  5367 | D:4      | Reached skill level 1 in Conjurations
  5367 | D:4      | Reached skill level 1 in Fire Magic
  5384 | D:4      | Reached skill level 5 in Dodging
  5384 | D:4      | Reached skill level 1 in Evocations
  5384 | D:4      | Reached XP level 7. HP: 25/33 MP: 9/9
  6535 | D:5      | Reached * piety under Fedhas
  6886 | D:5      | Reached XP level 8. HP: 37/37 MP: 12/12
  7100 | D:5      | Identified a scroll of acquirement
  7390 | D:6      | Learned a level 3 spell: Inner Flame
  8049 | D:5      | Found a staircase to the Ecumenical Temple.
  8056 | D:5      | Found a hide-covered altar of Uskayaw.
  8057 | D:5      | Found a shimmering blue altar of Sif Muna.
  8977 | D:6      | Reached ** piety under Fedhas
  9027 | D:6      | Found an iron altar of Okawaru.
  9108 | D:6      | Reached XP level 9. HP: 39/42 MP: 5/14
 10104 | D:7      | Noticed a two-headed ogre
 10114 | D:7      | Noticed a deep elf pyromancer
 10150 | D:7      | Learned a level 3 spell: Ozocubu's Armour
 10455 | D:7      | Reached *** piety under Fedhas
 11709 | D:7      | Learned a level 2 spell: Passwall
 11744 | D:8      | Noticed a deep elf pyromancer
 11748 | D:8      | a deep elf pyromancer changed into a dream sheep
 11761 | D:8      | Reached skill level 1 in Transmutations
 11769 | D:8      | Reached skill level 1 in Invocations
 11769 | D:8      | Noticed a komodo dragon
 11984 | D:7      | Reached skill level 1 in Earth Magic
 12079 | D:8      | Killed a komodo dragon
 12080 | D:8      | Reached XP level 10. HP: 48/48 MP: 17/17
 12332 | D:8      | Reached **** piety under Fedhas
 12360 | D:8      | Noticed a two-headed ogre
 12362 | D:8      | Noticed a tengu warrior
 12444 | D:8      | Killed a tengu warrior
 12445 | D:8      | Reached skill level 5 in Hexes
 12532 | D:8      | Noticed a death knight
 14385 | D:7      | Killed a death knight
 14646 | D:8      | Found a glowing golden altar of the Shining One.
 14729 | D:8      | Killed a two-headed ogre
 14864 | D:8      | Identified the ring "Sucwier" {Fire Contam Str+2 Slay+3}
 15106 | D:8      | Found a radiant altar of Vehumet.
 15503 | D:8      | Found a glowing golden altar of the Shining One.
 15612 | D:8      | Found a radiant altar of Vehumet.
 15835 | D:7      | Killed a deep elf pyromancer
 15863 | D:7      | Noticed a two-headed ogre
 15863 | D:7      | Killed a two-headed ogre
 15864 | D:7      | Reached skill level 5 in Spellcasting
 15864 | D:7      | Reached XP level 11. HP: 53/53 MP: 19/19
 15876 | D:7      | Learned a level 6 spell: Invisibility
 15882 | D:7      | Killed a two-headed ogre
 16301 | D:2      | Killed Crazy Yiuf
 16581 | D:9      | Found a burning altar of Makhleb.
 16655 | D:9      | Acquired a manual of Invocations
 16658 | D:9      | Noticed a two-headed ogre
 16703 | D:9      | Killed a two-headed ogre
 16891 | D:9      | Found a flagged portal.
 16896 | Bailey   | Entered a bailey
 17168 | Bailey   | Identified the +2 cloak of Gimynlil {-Cast Drain Will+++
                  | Str+10}
 17173 | Bailey   | Found an iron altar of Okawaru.
 17173 | Bailey   | Noticed an orc knight
 17179 | Bailey   | Reached ***** piety under Fedhas
 17192 | Bailey   | Killed an orc knight
 17403 | D:9      | Found Ossur Okhlil's Assorted Antiques.
 18219 | D:10     | Entered Level 10 of the Dungeon
 18509 | D:10     | Noticed a two-headed ogre
 18544 | D:10     | Killed a two-headed ogre
 18612 | D:10     | Reached skill level 10 in Stealth
 18661 | D:10     | Noticed Urug
 18805 | D:10     | Reached skill level 10 in Fighting
 18805 | D:10     | Reached skill level 10 in Unarmed Combat
 19029 | D:10     | Noticed a wizard
 19064 | D:10     | Killed a wizard
 19566 | D:10     | Killed Urug
 19567 | D:10     | Reached skill level 10 in Dodging
 19567 | D:10     | Reached skill level 5 in Invocations
 19649 | D:11     | Noticed an eight-headed hydra
 19654 | D:11     | Killed an eight-headed hydra
 19683 | D:11     | Noticed a skeletal warrior
 19685 | D:11     | Noticed a skeletal warrior
 19753 | D:10     | Killed a skeletal warrior
 19880 | D:11     | Noticed a skeletal warrior
 19894 | D:11     | Gained mutation: Your thick and shaggy fur keeps you warm.
                  | (AC +3, rC+) [Felid growth]
 19894 | D:11     | Reached XP level 12. HP: 53/58 MP: 20/20
 19949 | D:10     | Reached skill level 10 in Hexes
 20097 | D:11     | Noticed a boulder beetle
 20102 | D:11     | Killed a boulder beetle
 20666 | D:11     | Noticed a two-headed ogre
 20674 | D:11     | Killed a two-headed ogre
 20944 | D:11     | Found a staircase to the Lair.
 20966 | D:11     | Noticed a four-headed hydra
 21014 | D:11     | Killed a four-headed hydra
 21298 | D:11     | Noticed a boulder beetle
 21322 | D:11     | Killed a boulder beetle
 21493 | D:11     | Noticed Sonja
 21497 | D:11     | Killed Sonja
 21653 | D:11     | Reached ****** piety under Fedhas
 22037 | D:12     | Noticed a six-headed hydra
 22048 | D:12     | Found a snail-covered altar of Cheibriados.
 22049 | D:12     | Killed a six-headed hydra
 22062 | D:12     | Noticed a two-headed ogre
 22066 | D:12     | Killed a two-headed ogre
 22174 | D:12     | Noticed a boulder beetle
 22184 | D:12     | Killed a boulder beetle
 22192 | D:12     | Reached XP level 13. HP: 63/63 MP: 22/22
 22215 | D:12     | Found a staircase to the Orcish Mines.
 22775 | D:13     | Found Xystojilit's Jewellery Emporium.
 23294 | D:13     | Noticed Snorg
 23305 | D:13     | Killed Snorg
 23599 | D:14     | Noticed Nessos
 23599 | D:14     | Found a gate to the Vaults.
 23609 | D:14     | Killed Nessos
 23610 | D:14     | Reached skill level 10 in Invocations
 23793 | D:14     | Found a frozen archway.
 23893 | IceCv    | Entered an ice cave
 24385 | IceCv    | Noticed a white very ugly thing
 24511 | IceCv    | Killed a white very ugly thing
 24640 | IceCv    | Found an ancient bone altar of Kikubaaqudgha.
 24644 | IceCv    | Reached XP level 14. HP: 69/69 MP: 21/26
 24953 | IceCv    | Reached skill level 5 in Evocations
 24997 | IceCv    | Noticed a lich
 25045 | IceCv    | Killed a lich
 27173 | D:14     | Found a sacrificial altar of Ru.
 27222 | D:15     | Entered Level 15 of the Dungeon
 27381 | D:15     | Found a white marble altar of Elyvilon.
 27753 | D:15     | Found a staircase to the Depths.
 27780 | D:15     | Noticed Kirke
 27966 | D:15     | Killed Kirke
 28558 | Orc:1    | Entered Level 1 of the Orcish Mines
 28890 | Orc:2    | Entered Level 2 of the Orcish Mines
 28896 | Orc:2    | Found a staircase to the Elven Halls.
 29208 | Orc:1    | Reached XP level 15. HP: 73/73 MP: 23/28
 29569 | Orc:2    | Noticed petzl's ghost (journeyman OpAM)
 29776 | Orc:2    | Found a transporter.
 30137 | Orc:2    | Found Ceiso's Weapon Boutique.
 30143 | Orc:2    | Found Vijoreoc's Book Emporium.
 30143 | Orc:2    | Found Hoawki's Antique Armour Shop.
 30143 | Orc:2    | Found Juvemm's Assorted Antiques.
 30160 | Orc:2    | Bought a book of Cantrips for 144 gold pieces
 30161 | Orc:2    | Bought a scroll of teleportation for 60 gold pieces
 30161 | Orc:2    | Bought a dented lapis lazuli amulet for 100 gold pieces
 30161 | Orc:2    | Bought a scroll of teleportation for 60 gold pieces
 30262 | Orc:2    | Found a transporter.
 30694 | Orc:2    | Learned a level 1 spell: Apportation
 30699 | Orc:2    | Gained mutation: Your magical capacity is low. (-10% MP) [a
                  | neqoxec]
 30707 | Orc:2    | Killed petzl's ghost
 30715 | Orc:2    | Identified the +9 morningstar "Peucs" {freeze, rC+ Will+}
 30724 | Orc:2    | Lost mutation: Your magical capacity is low. (-10% MP)
                  | [potion of mutation]
 30724 | Orc:2    | Gained mutation: You are frail. (-10% HP) [potion of
                  | mutation]
 30724 | Orc:2    | Gained mutation: You are agile. (Dex +2) [potion of
                  | mutation]
 30724 | Orc:2    | Gained mutation: Your mind is acute. (Int +2) [potion of
                  | mutation]
 30739 | Orc:2    | Lost mutation: You are agile. (Dex +2) [potion of mutation]
 30739 | Orc:2    | Lost mutation: Your mind is acute. (Int +2) [potion of
                  | mutation]
 30739 | Orc:2    | Lost mutation: You are frail. (-10% HP) [potion of
                  | mutation]
 30739 | Orc:2    | Gained mutation: Your mind is acute. (Int +2) [potion of
                  | mutation]
 30739 | Orc:2    | Gained mutation: You expend magic power (3 MP) to
                  | strengthen your wands. [potion of mutation]
 30739 | Orc:2    | Gained mutation: You possess an exceptional clarity of
                  | mind. [potion of mutation]
 30850 | Lair:1   | Entered Level 1 of the Lair of Beasts
 30857 | Lair:1   | Reached skill level 1 in Translocations
 31207 | D:9      | Bought a scroll of blinking for 225 gold pieces
 31207 | D:9      | Bought a scroll of amnesia for 105 gold pieces
 31207 | D:9      | Bought a scroll of teleportation for 90 gold pieces
 32009 | Lair:2   | Found a staircase to the Swamp.
 33501 | Lair:4   | Found a hole to the Spider Nest.
 34587 | Lair:6   | Entered Level 6 of the Lair of Beasts
 34714 | Lair:5   | Identified the +4 scale mail "Aroi" {rElec Regen+ Int-4}
 34941 | Lair:5   | Found a viscous altar of Jiyva.
 34941 | Lair:5   | Found a staircase to the Slime Pits.
 35412 | Lair:6   | Found a runed translucent gate.
 35413 | Lair:6   | Found a runed translucent gate.
 35781 | Lair:6   | Found a runed translucent gate.
 36098 | Lair:6   | Reached XP level 16. HP: 55/79 MP: 12/29
 36453 | Lair:6   | Noticed Tiah's ghost (journeyman TrMo)
 36453 | Lair:6   | Noticed Lunaplom's ghost (journeyman MiBe)
 36454 | Lair:6   | Noticed Ucuahorph's ghost (journeyman DsCj)
 37486 | Lair:6   | Found a corrupted altar of Lugonu.
 37486 | Lair:6   | Found a one-way gate to the infinite horrors of the Abyss.
 37498 | Lair:6   | Reached skill level 1 in Ice Magic
 37817 | Lair:6   | Killed Tiah's ghost
 37947 | Lair:6   | Killed Ucuahorph's ghost
 38356 | Lair:6   | Killed Lunaplom's ghost
 38364 | Lair:6   | Found a corrupted altar of Lugonu.
 38367 | Lair:6   | Found a one-way gate to the infinite horrors of the Abyss.
 39181 | Orc:2    | Bought a book of Blood for 336 gold pieces
 39181 | Orc:2    | Bought the Guide on the Birds for 456 gold pieces
 39189 | Orc:2    | Learned a level 7 spell: Storm Form
 39355 | Spider:1 | Entered Level 1 of the Spider Nest
 39664 | Spider:1 | Reached skill level 1 in Air Magic
 42974 | Spider:2 | Noticed Donald
 42986 | Spider:2 | Reached skill level 5 in Transmutations
 43193 | Spider:2 | Killed Donald
 46022 | Spider:2 | Reached skill level 5 in Air Magic
 46530 | Spider:3 | Reached XP level 17. HP: 43/83 MP: 11/31
 47136 | Spider:4 | Entered Level 4 of the Spider Nest
 47176 | Spider:4 | Noticed Mara
 48615 | Spider:4 | Lost mutation: Your mind is acute. (Int +2) [mutagenic
                  | glow]
 48995 | Spider:4 | Killed Mara
 50088 | Spider:4 | Reached skill level 10 in Transmutations
 51954 | Spider:4 | Got a gossamer rune of Zot
 52652 | Swamp:1  | Entered Level 1 of the Swamp
 53398 | Swamp:1  | Identified the +7 spear of the Pure Stories {flame, rElec}
 53622 | Swamp:1  | Gained mutation: You have a pair of small horns on your
                  | head. [mutagenic glow]
 53632 | Swamp:1  | Gained mutation: You are frail. (-10% HP) [mutagenic glow]
 53727 | Swamp:1  | Lost mutation: You have a pair of small horns on your head.
                  | [potion of mutation]
 53727 | Swamp:1  | Lost mutation: You are frail. (-10% HP) [potion of
                  | mutation]
 53727 | Swamp:1  | Lost mutation: You expend magic power (3 MP) to strengthen
                  | your wands. [potion of mutation]
 53727 | Swamp:1  | Gained mutation: Your mind is acute. (Int +2) [potion of
                  | mutation]
 53727 | Swamp:1  | Gained mutation: You are partially covered in iridescent
                  | scales. (AC +2) [potion of mutation]
 53967 | Swamp:1  | Reached skill level 10 in Air Magic
 54058 | Swamp:1  | Reached XP level 18. HP: 51/87 MP: 25/32
 54438 | Swamp:2  | Identified Roxanne's Almanac of the Mountains
 54438 | Swamp:2  | Noticed Roxanne
 54882 | Swamp:2  | Killed Roxanne
 55161 | Swamp:2  | Learned a level 6 spell: Statue Form
 55848 | Swamp:4  | Entered Level 4 of the Swamp
 57549 | Swamp:4  | Got a decaying rune of Zot
 57746 | Vaults:1 | Entered Level 1 of the Vaults
 57751 | Vaults:1 | You fall into a shaft and drop 1 floor!
 58098 | Vaults:2 | Learned a level 5 spell: Borgnjor's Vile Clutch
 58106 | Vaults:2 | Learned a level 5 spell: Lee's Rapid Deconstruction
 58158 | Vaults:1 | Found a runed translucent gate.
 58158 | Vaults:1 | Found a runed translucent gate.
 58159 | Vaults:1 | Found a runed translucent gate.
 58159 | Vaults:1 | Noticed Bailed's ghost (veteran MiMo)
 58159 | Vaults:1 | Noticed Ugguttuj's ghost (veteran DrWn)
 58204 | Vaults:1 | Reached skill level 1 in Necromancy
 58224 | Vaults:1 | Reached skill level 10 in Evocations
 58225 | Vaults:1 | Reached skill level 5 in Earth Magic
 58252 | Vaults:1 | Reached skill level 10 in Spellcasting
 58648 | Vaults:1 | Reached XP level 19. HP: 51/91 MP: 29/34
 58878 | Vaults:1 | Found Baentaa's Armour Shoppe.
 59669 | Vaults:1 | You fall into a shaft and drop 1 floor!
 59725 | Vaults:2 | Upgraded the game from 0.28-a0-773-g130ae17fe5 to
                  | 0.28-a0-779-g3d1f99b579
 59897 | Vaults:2 | Reached skill level 15 in Unarmed Combat
 61067 | Vaults:1 | Reached skill level 10 in Earth Magic
 61616 | Vaults:2 | Noticed an ancient lich
 61627 | Vaults:2 | Killed an ancient lich
 62203 | Vaults:2 | Found a runed translucent gate.
 62204 | Vaults:2 | Found a runed translucent gate.
 62204 | Vaults:2 | Found a runed translucent gate.
 62206 | Vaults:2 | Found an ancient bone altar of Kikubaaqudgha.
 62222 | Vaults:2 | Noticed an ancient lich
 62223 | Vaults:2 | Noticed blank1's ghost (adept MiFi)
 62323 | Vaults:2 | Reached XP level 20. HP: 63/95 MP: 17/35
 63153 | Vaults:3 | HP: 5/123 [cloud of freezing vapour (11)]
 64533 | Vaults:3 | Noticed Asterion
 64537 | Vaults:3 | Killed Asterion
 64866 | Vaults:3 | Found a staircase to the Crypt.
 65847 | Vaults:4 | Reached skill level 15 in Fighting
 66009 | Vaults:4 | Reached skill level 15 in Stealth
 66268 | Vaults:4 | Reached skill level 15 in Dodging
 66372 | Vaults:4 | Reached XP level 21. HP: 100/100 MP: 32/36
 66700 | Vaults:4 | You fall into a shaft and drop 1 floor!
 66700 | Vaults:5 | Entered Level 5 of the Vaults
 66887 | Vaults:5 | Noticed a golden dragon
 66895 | Vaults:5 | Killed a golden dragon
 67089 | Vaults:5 | Noticed a golden dragon
 67096 | Vaults:5 | Killed a golden dragon
 67194 | Vaults:5 | Noticed a golden dragon
 67348 | Vaults:5 | Killed a golden dragon
 67407 | Vaults:5 | Noticed Margery
 67416 | Vaults:5 | Killed Margery
 67436 | Vaults:5 | Noticed a golden dragon
 67440 | Vaults:5 | Killed a golden dragon
 67748 | Vaults:5 | Found Kekup's Magic Scroll Boutique.
 67769 | Vaults:5 | Bought a scroll of magic mapping for 56 gold pieces
 67769 | Vaults:5 | Bought 2 scrolls of teleportation for 96 gold pieces
 67769 | Vaults:5 | Bought a scroll of teleportation for 48 gold pieces
 67776 | Vaults:5 | Found Fuesch's Book Emporium.
 67780 | Vaults:5 | Bought a manual of Earth Magic for 1760 gold pieces
 68329 | Vaults:5 | Identified the +11 mace "Demonslayer" {freeze, *Noise rF++
                  | Str+5}
 68329 | Vaults:5 | Identified the ring "Aghonar" {MP+9 Int+6 Slay+4}
 68564 | Vaults:5 | Identified the +4 hand crossbow of Woe {vorpal, rCorr}
 68629 | Vaults:5 | Found Nell's Distillery.
 68634 | Vaults:5 | Bought a potion of haste for 210 gold pieces
 68634 | Vaults:5 | Bought a potion of might for 84 gold pieces
 68634 | Vaults:5 | Bought a potion of brilliance for 84 gold pieces
 68634 | Vaults:5 | Bought 2 potions of curing for 126 gold pieces
 68743 | Vaults:5 | Noticed a golden dragon
 68756 | Vaults:5 | Killed a golden dragon
 69167 | Vaults:5 | Got a silver rune of Zot
 69789 | Vaults:5 | Found Fuesch's Book Emporium.
 69797 | Vaults:5 | Found Kekup's Magic Scroll Boutique.
 69810 | Vaults:5 | Found Nell's Distillery.
 70233 | Crypt:1  | Entered Level 1 of the Crypt
 70607 | Crypt:1  | Reached XP level 22. HP: 109/109 MP: 25/37
 72438 | Crypt:2  | Noticed Khufu
 72440 | Crypt:2  | Noticed a royal mummy
 72441 | Crypt:2  | Noticed a royal mummy
 72441 | Crypt:2  | Noticed a royal mummy
 72482 | Crypt:1  | Killed a royal mummy
 72542 | Crypt:1  | Killed a royal mummy
 72594 | Crypt:1  | Killed a royal mummy
 72658 | Crypt:1  | Killed Khufu
 73098 | Crypt:3  | Entered Level 3 of the Crypt
 73194 | Crypt:3  | Noticed Frederick
 73420 | Crypt:2  | Killed Frederick
 73757 | Crypt:3  | Noticed a curse toe
 73774 | Crypt:3  | Found a staircase to the Tomb.
 73879 | Crypt:3  | Killed a curse toe
 73900 | Crypt:3  | Found the +7 sceptre of Torment {pain, torment}
 74226 | Crypt:3  | Noticed a dread lich
 74226 | Crypt:3  | Noticed a dread lich
 74227 | Crypt:3  | Noticed an ancient lich
 74227 | Crypt:3  | Noticed an ancient lich
 74260 | Crypt:3  | Killed a dread lich
 74268 | Crypt:3  | Learned a level 2 spell: Sublimation of Blood
 74280 | Crypt:3  | Killed a dread lich
 74369 | Crypt:3  | Killed an ancient lich
 74370 | Crypt:3  | Reached XP level 23. HP: 80/115 MP: 3/38
 74375 | Crypt:3  | Killed an ancient lich
 74441 | Crypt:3  | Learned a level 3 spell: Lesser Beckoning
 74441 | Crypt:3  | Identified the amulet "Suxyll" {Contam Harm rElec Regen+
                  | Dex+3}
 74441 | Crypt:3  | Identified the ring "Dideetots" {rN+ Dex+4}
 74683 | Vaults:2 | Learned a level 5 spell: Silence
 74693 | Vaults:2 | Killed an ancient lich
 74698 | Vaults:2 | Killed blank1's ghost
 74702 | Vaults:2 | Got Kikubaaqudgha's Volume of Black Arts
 74707 | Vaults:2 | Identified the amulet of Pedewnim {RegenMP Str+4}
 74881 | Vaults:1 | Killed Ugguttuj's ghost
 74930 | Vaults:1 | Killed Bailed's ghost
 75189 | D:13     | Bought a ring of protection from cold for 350 gold pieces
 75273 | Elf:1    | Entered Level 1 of the Elven Halls
 75382 | Elf:1    | Found Vomoehe's Magic Scroll Shoppe.
 75426 | Elf:1    | Bought a scroll of teleportation for 57 gold pieces
 75426 | Elf:1    | Bought a scroll of fog for 38 gold pieces
 75426 | Elf:1    | Bought a scroll of fog for 38 gold pieces
 75426 | Elf:1    | Bought a scroll of blinking for 142 gold pieces
 75426 | Elf:1    | Bought a scroll of magic mapping for 66 gold pieces
 75426 | Elf:1    | Bought a scroll of magic mapping for 66 gold pieces
 75732 | Elf:1    | Got the Compendium of Creation
 76124 | Elf:2    | Noticed Jorgrun
 76139 | Elf:2    | Killed Jorgrun
 76246 | Elf:2    | Found a runed translucent gate.
 76258 | Elf:2    | Found a runed translucent gate.
 76258 | Elf:2    | Found a runed translucent gate.
 76282 | Elf:2    | Found Nogacur's Assorted Antiques.
 76291 | Elf:2    | Bought a potion of brilliance for 132 gold pieces
 76363 | Elf:2    | Found Giriec's One-of-a-Kind Books.
 76567 | Elf:3    | Entered Level 3 of the Elven Halls
 76687 | Elf:3    | Found Equxes's Jewellery Shop.
 77284 | Elf:3    | Identified the +4 scimitar "Wege" {drain, Str+6 Int-5}
 77297 | Elf:3    | Got Allyw's Papyrus of the Shifting Frostbite
 77396 | Elf:3    | Identified the amulet of Okawaru's Delight {Spirit Regen+}
 77425 | Elf:3    | Identified the +3 hand crossbow of Impeachment {flame, rN+
                  | Int+7}
 77433 | Elf:3    | Identified the +7 falchion of the Blessed Realm {pain,
                  | Fragile Str+4 Dex+4}
 77717 | Slime:1  | Entered Level 1 of the Pits of Slime
 77808 | Slime:2  | Gained mutation: Your magical capacity is low. (-10% MP) [a
                  | shining eye]
 78665 | Slime:5  | Entered Level 5 of the Pits of Slime
 78884 | Slime:4  | Reached XP level 24. HP: 118/121 MP: 1/35
 79039 | Slime:5  | Noticed the Royal Jelly
 79145 | Slime:5  | Killed the Royal Jelly
 79333 | Slime:5  | Found the +3 sling "Punk" {acid, rCorr}
 79342 | Slime:5  | Identified the ring "Nutixilu" {rF+ rC+ Will+}
 79348 | Slime:5  | Got a slimy rune of Zot
 79428 | Slime:5  | Identified the ring "Cifa" {+Blink rElec rCorr Int+3 SInv}
 80378 | Depths:1 | Entered Level 1 of the Depths
 80507 | Depths:1 | Found Reegyr's Book Boutique.
 80508 | Depths:1 | Found Oqimisi's Jewellery Shoppe.
 80515 | Depths:1 | Found Viox's Book Boutique.
 80533 | Depths:1 | Bought an Inescapable Atlas for 646 gold pieces
 80540 | Depths:1 | Learned a level 2 spell: Blink
 80546 | Depths:1 | Learned a level 5 spell: Manifold Assault
 80675 | Depths:1 | Reached skill level 5 in Translocations
 80714 | Depths:1 | Gained mutation: Potions are less effective at restoring
                  | your health. [mutagenic glow]
 80760 | Depths:1 | Found a broken altar of Ashenzari.
 80787 | Depths:1 | Lost mutation: You possess an exceptional clarity of mind.
                  | [potion of mutation]
 80787 | Depths:1 | Lost mutation: Your magical capacity is low. (-10% MP)
                  | [potion of mutation]
 80787 | Depths:1 | Gained mutation: You are somewhat resistant to further
                  | mutation. [potion of mutation]
 80788 | Depths:1 | Lost mutation: You are partially covered in iridescent
                  | scales. (AC +2) [potion of mutation]
 80788 | Depths:1 | Lost mutation: Your mind is acute. (Int +2) [potion of
                  | mutation]
 80789 | Depths:1 | Lost mutation: You are somewhat resistant to further
                  | mutation. [potion of mutation]
 80789 | Depths:1 | Lost mutation: Potions are less effective at restoring your
                  | health. [potion of mutation]
 80789 | Depths:1 | Gained mutation: You passively map a small area around you.
                  | [potion of mutation]
 80789 | Depths:1 | Gained mutation: You passively map the area around you.
                  | [potion of mutation]
 80789 | Depths:1 | Gained mutation: You are dopey. (Int -2) [potion of
                  | mutation]
 80789 | Depths:1 | Gained mutation: Your muscles are strong. (Str +2) [potion
                  | of mutation]
 80798 | Depths:1 | You are sucked into a shaft and drop 1 floor!
 80834 | Depths:2 | Identified the +0 pair of gloves of Compassion {rC- Int+5
                  | Dex+7}
 80834 | Depths:2 | Noticed Nikola
 80842 | Depths:2 | Killed Nikola
 80896 | Depths:2 | Noticed Aizul
 80907 | Depths:2 | Killed Aizul
 80912 | Depths:2 | Reached skill level 5 in Necromancy
 81204 | Depths:2 | Found a gateway to Hell.
 81237 | Depths:2 | Found a one-way gate leading to the halls of Pandemonium.
 82569 | Depths:3 | Reached XP level 25. HP: 126/126 MP: 38/41
 82620 | Depths:3 | Found a stormy altar of Qazlal.
 82806 | Depths:3 | Got the Disquisition on Air
 83079 | Depths:3 | Identified the +1 ring mail of Durable Awe {Harm Regen+
                  | Dex-3 SInv}
 83186 | Depths:4 | Entered Level 4 of the Depths
 83200 | Depths:4 | Found a gateway to a ziggurat.
 83521 | Depths:4 | Found a gate to the Realm of Zot.
 83615 | Depths:4 | Got the Grimoire of Ensnaring Clay
 83715 | Depths:4 | Found a shimmering altar of Xom.
 83773 | Depths:4 | Noticed the Enchantress
 83778 | Depths:4 | Killed the Enchantress
 83855 | Depths:4 | Found Quinnodo's Armour Shop.
 84100 | Hell     | Entered the Vestibule of Hell
 84100 | Hell     | Noticed Geryon
 84102 | Hell     | Noticed Murray
 84186 | Hell     | Killed Murray
 84529 | Hell     | Reached skill level 15 in Earth Magic
 84682 | Depths:1 | Bought a book of Transfigurations for 480 gold pieces
 84688 | Depths:1 | Learned a level 5 spell: Irradiate
 84893 | Hell     | Found a gateway to the ashen valley of Gehenna.
 84922 | Hell     | Killed Geryon
 85092 | Hell     | Found a gateway to the decaying netherworld of Tartarus.
 85208 | Hell     | Found a gateway to the Iron City of Dis.
 85305 | Hell     | Found a gateway to the freezing wastes of Cocytus.
 85458 | Zot:1    | Entered Level 1 of the Realm of Zot
 85970 | Zot:1    | Reached XP level 26. HP: 133/133 MP: 32/41
 86319 | Zot:2    | Identified the +1 leather armour of the Guilds {rF+ Int+6
                  | SInv}
 88029 | Zot:4    | Noticed an ancient lich
 88030 | Zot:4    | Found a stormy altar of Qazlal.
 88037 | Zot:4    | Killed an ancient lich
 88039 | Zot:4    | Noticed an orb of fire
 88047 | Zot:4    | Killed an orb of fire
 88164 | Zot:4    | Reached skill level 15 in Spellcasting
 88457 | Zot:4    | Reached XP level 27. HP: 129/138 MP: 37/43
 88862 | Zot:5    | Entered Level 5 of the Realm of Zot
 89408 | Zot:5    | Noticed an ancient lich
 89412 | Zot:5    | Killed an ancient lich
 89421 | Zot:5    | Noticed a dread lich
 89434 | Zot:5    | Killed a dread lich
 89445 | Zot:5    | Learned a level 9 spell: Shatter
 89486 | Zot:5    | Acquired 715 gold pieces
 89498 | Zot:5    | Noticed an orb of fire
 89502 | Zot:5    | Gained mutation: You are strong-willed. (Will+) [an orb of
                  | fire]
 89504 | Zot:5    | Killed an orb of fire
 89505 | Zot:5    | Noticed a dread lich
 89508 | Zot:5    | Killed a dread lich
 89800 | Zot:5    | Noticed an orb of fire
 89815 | Zot:5    | Noticed an orb of fire
 89833 | Zot:5    | Killed an orb of fire
 89978 | Zot:5    | Noticed an ancient lich
 89988 | Zot:5    | Killed an ancient lich
 90528 | Zig:1    | Entered Level 1 of a ziggurat
 90529 | Zig:1    | Noticed Annudgh the pandemonium lord
 90543 | Zig:1    | Killed Annudgh the pandemonium lord
 90552 | Zig:2    | Entered Level 2 of a ziggurat
 90575 | Zig:3    | Entered Level 3 of a ziggurat
 90598 | Zig:3    | Lost mutation: You are dopey. (Int -2) [potion of mutation]
 90598 | Zig:3    | Lost mutation: You passively map the area around you.
                  | [potion of mutation]
 90598 | Zig:3    | Lost mutation: Your muscles are strong. (Str +2) [potion of
                  | mutation]
 90598 | Zig:3    | Gained mutation: Your magical capacity is low. (-10% MP)
                  | [potion of mutation]
 90599 | Zig:3    | Lost mutation: You are strong-willed. (Will+) [potion of
                  | mutation]
 90599 | Zig:3    | Lost mutation: Your magical capacity is low. (-10% MP)
                  | [potion of mutation]
 90599 | Zig:3    | Gained mutation: Your flesh is heat resistant. (rF+)
                  | [potion of mutation]
 90599 | Zig:3    | Gained mutation: You are agile. (Dex +2) [potion of
                  | mutation]
 90599 | Zig:3    | Gained mutation: You are partially covered in iridescent
                  | scales. (AC +2) [potion of mutation]
 90601 | Zig:4    | Entered Level 4 of a ziggurat
 90666 | Zig:5    | Entered Level 5 of a ziggurat
 90682 | Zig:5    | Identified the +10 plate armour of the Valley {rElec Str+4}
 90721 | Zig:6    | Entered Level 6 of a ziggurat
 90727 | Zig:6    | Found the +6 Majin-Bo {vamp, MP+6 Int+6}
 90754 | Zig:6    | Got the Incunabulum of the Compass and Evil Magic
 90755 | Zig:6    | Identified the ring of Light {rN+ Will- rCorr AC+4}
 90783 | Zig:7    | Entered Level 7 of a ziggurat
 90831 | Zig:7    | Got Kiucw's Catalogue of Stones
 90871 | Zig:8    | Entered Level 8 of a ziggurat
 90935 | Zig:9    | Entered Level 9 of a ziggurat
 90940 | Zig:9    | Noticed a royal mummy
 90947 | Zig:9    | Killed a royal mummy
 90948 | Zig:9    | Noticed a royal mummy
 90958 | Zig:9    | Killed a royal mummy
 90993 | Zig:9    | Identified the +7 shortbow "Orb Guardian's Peril" {vorpal,
                  | *Corrode rElec rPois rF++}
 91085 | Zig:10   | Entered Level 10 of a ziggurat
 91095 | Zig:10   | Found the +8 longbow "Zephyr" {speed, Dex+3 SInv}
 91122 | Zig:10   | Identified the ring of Ignis's Hatred {MP+9 Str+3}
 91148 | Zig:11   | Entered Level 11 of a ziggurat
 91157 | Zig:11   | Noticed a juggernaut
 91157 | Zig:11   | Noticed a juggernaut
 91157 | Zig:11   | Noticed a juggernaut
 91166 | Zig:11   | Killed a juggernaut
 91167 | Zig:11   | Killed a juggernaut
 91167 | Zig:11   | Killed a juggernaut
 91180 | Zig:11   | Found the +8 orange crystal plate armour {Archmagi, Int+3
                  | Clar}
 91189 | Zig:11   | Identified the ring "Mieshrew" {rPois rF- rC+++ Int+8
                  | Dex-4}
 91192 | Zig:11   | Got Sujopp's Incunabulum of Summoning and Poison
 91340 | Zig:12   | Entered Level 12 of a ziggurat
 91404 | Zig:12   | Identified the +3 leather armour "Gallijei" {rPois}
 91412 | Zig:13   | Entered Level 13 of a ziggurat
 91422 | Zig:13   | Found the +18 shield of the Gong {rElec rN+ Will+ EV-5}
 91566 | Zig:13   | Identified the +6 war axe "Assughu" {holy, rPois rF+}
 91570 | Zig:14   | Entered Level 14 of a ziggurat
 91775 | Zig:14   | Identified the +9 hunting sling of the Tundras {venom,
                  | *Slow +Blink Str-4 Int+6}
 91778 | Zig:15   | Entered Level 15 of a ziggurat
 91790 | Zig:15   | Found the +8 frozen axe "Frostbite" {freezing cloud, *Noise
                  | Fly rC+}
 91883 | Zig:15   | Identified the ring "Juniom" {Wiz rCorr}
 91921 | Zig:16   | Entered Level 16 of a ziggurat
 92087 | Zig:17   | Entered Level 17 of a ziggurat
 92109 | Zig:17   | Learned a level 7 spell: Dragon Form
 92260 | Zig:17   | Identified the amulet "Watustue" {Spirit Harm +Blink rPois
                  | Stlth+}
 92261 | Zig:17   | Acquired 864 gold pieces
 92294 | Zig:17   | Lost mutation: You passively map a small area around you.
                  | [potion of mutation]
 92294 | Zig:17   | Gained mutation: Your body sometimes deteriorates upon
                  | taking damage. [potion of mutation]
 92294 | Zig:17   | Gained mutation: You are frail. (-10% HP) [potion of
                  | mutation]
 92294 | Zig:17   | Gained mutation: Your spells are a little harder to cast,
                  | but a little more powerful. [potion of mutation]
 92295 | Zig:17   | Lost mutation: You are frail. (-10% HP) [potion of
                  | mutation]
 92295 | Zig:17   | Lost mutation: Your body sometimes deteriorates upon taking
                  | damage. [potion of mutation]
 92295 | Zig:17   | Lost mutation: You are agile. (Dex +2) [potion of mutation]
 92295 | Zig:17   | Gained mutation: You expend magic power (3 MP) to
                  | strengthen your wands. [potion of mutation]
 92295 | Zig:17   | Gained mutation: You are robust. (+10% HP) [potion of
                  | mutation]
 92295 | Zig:17   | Gained mutation: Your flesh is very heat resistant. (rF++)
                  | [potion of mutation]
 92319 | Zig:18   | Entered Level 18 of a ziggurat
 92330 | Zig:18   | Noticed a royal mummy
 92330 | Zig:18   | Noticed a royal mummy
 92330 | Zig:18   | Noticed a royal mummy
 92330 | Zig:18   | Noticed a royal mummy
 92336 | Zig:18   | Killed a royal mummy
 92336 | Zig:18   | Killed a royal mummy
 92339 | Zig:18   | Killed by an exploding bennu... ignited by themself
 92346 | Zig:18   | Killed a royal mummy
 92351 | Zig:18   | Killed a royal mummy
 92411 | Zig:18   | Identified the +0 cloak of the Dwarven Hall {Fly rC- Regen+
                  | Dex+10}
 92429 | Zig:19   | Entered Level 19 of a ziggurat
 92439 | Zig:19   | Noticed an ancient lich
 92447 | Zig:19   | Learned a level 4 spell: Passage of Golubria
 92464 | Zig:19   | Noticed an ancient lich
 92464 | Zig:19   | Noticed an ancient lich
 92466 | Zig:19   | Killed an ancient lich
 92466 | Zig:19   | Killed an ancient lich
 92466 | Zig:19   | Killed an ancient lich
 92506 | Zig:19   | Identified the ring "Mudiuba" {rPois rF+ rC+ Str+3 Dex+4}
 92583 | Zig:20   | Entered Level 20 of a ziggurat
 92600 | Zig:20   | Noticed a dread lich
 92600 | Zig:20   | Noticed a dread lich
 92602 | Zig:20   | Killed a dread lich
 92603 | Zig:20   | Killed a dread lich
 92614 | Zig:20   | Identified the +7 trident "Bul Quso" {freeze, Int+7}
 92615 | Zig:20   | Identified the amulet of Kuhahygo {Faith Drain rN+ Int+3}
 92678 | Zig:21   | Entered Level 21 of a ziggurat
 92686 | Zig:21   | Noticed a juggernaut
 92686 | Zig:21   | Noticed a juggernaut
 92693 | Zig:21   | Killed a juggernaut
 92694 | Zig:21   | Killed a juggernaut
 92694 | Zig:21   | Noticed a juggernaut
 92694 | Zig:21   | Noticed a juggernaut
 92698 | Zig:21   | Noticed a juggernaut
 92700 | Zig:21   | Killed a juggernaut
 92701 | Zig:21   | Killed a juggernaut
 92704 | Zig:21   | Killed a juggernaut
 92707 | Zig:21   | Noticed a juggernaut
 92709 | Zig:21   | Noticed a juggernaut
 92722 | Zig:21   | Killed a juggernaut
 92725 | Zig:21   | Killed a juggernaut
 92977 | Zig:21   | Identified the +6 chain mail "Jumase" {rN+++ Str-5 Int+6}
 93003 | Zig:21   | Upgraded the game from 0.28-a0-779-g3d1f99b579 to
                  | 0.28-a0-793-g31680bbd8b
 93008 | Zig:22   | Entered Level 22 of a ziggurat
 93008 | Zig:22   | Noticed a dread lich
 93172 | Zig:22   | Killed a dread lich
 93242 | Zig:22   | Identified the amulet "Vamelonn" {Reflect rC++ rCorr Str+3
                  | Dex-2 SH+5}
 93267 | Zig:22   | Acquired the ring "Daugomum" {*Slow Will+ Int+7 Dex+5}
 93281 | Zig:23   | Entered Level 23 of a ziggurat
 93288 | Zig:23   | Noticed a juggernaut
 93288 | Zig:23   | Noticed a juggernaut
 93290 | Zig:23   | Noticed a juggernaut
 93291 | Zig:23   | Noticed a juggernaut
 93294 | Zig:23   | Noticed a juggernaut
 93295 | Zig:23   | Noticed a juggernaut
 93296 | Zig:23   | Noticed a juggernaut
 93296 | Zig:23   | Killed a juggernaut
 93296 | Zig:23   | Killed a juggernaut
 93296 | Zig:23   | Noticed a juggernaut
 93297 | Zig:23   | Killed a juggernaut
 93297 | Zig:23   | Killed a juggernaut
 93297 | Zig:23   | Killed a juggernaut
 93297 | Zig:23   | Killed a juggernaut
 93297 | Zig:23   | Killed a juggernaut
 93300 | Zig:23   | Killed a juggernaut
 93301 | Zig:23   | Found the +5 sword of Power {vorpal}
 93402 | Zig:24   | Entered Level 24 of a ziggurat
 93410 | Zig:24   | Noticed a dread lich
 93417 | Zig:24   | Noticed a dread lich
 93421 | Zig:24   | Noticed a dread lich
 93425 | Zig:24   | Noticed an ancient lich
 93434 | Zig:24   | Noticed a dread lich
 93436 | Zig:24   | Killed an ancient lich
 93444 | Zig:24   | Noticed an ancient lich
 93446 | Zig:24   | Killed a dread lich
 93447 | Zig:24   | Killed an ancient lich
 93454 | Zig:24   | Noticed a dread lich
 93454 | Zig:24   | Killed a dread lich
 93467 | Zig:24   | Killed a dread lich
 93468 | Zig:24   | Killed a dread lich
 93468 | Zig:24   | Killed a dread lich
 93468 | Zig:24   | Noticed an ancient lich
 93470 | Zig:24   | Killed an ancient lich
 93526 | Zig:24   | Identified the ring of the Rose {rPois Dex+6}
 93530 | Zig:24   | Identified the ring of Umeziutu {Str+6 Dex+4}
 93543 | Zig:24   | Got the Catalogue of Rubbish
 93583 | Zig:25   | Entered Level 25 of a ziggurat
 93640 | Zig:25   | Found the +8 lance "Wyrmbane" {slay drac, rPois rF+ rC+
                  | AC+3}
 93831 | Zig:25   | Identified the +6 lajatang "Resmek" {speed, +Blink Will++
                  | Str+3}
 93833 | Zig:25   | Identified the ring "Moahekk" {rN+ Str+3 Dex-2 Slay+6}
 93837 | Zig:25   | Identified the amulet "Rannodd" {Acrobat -Cast rF++ Str+6}
 93846 | Zig:25   | Identified the +5 great sword "Murmur" {speed, rElec rPois
                  | rC- Will+}
 93849 | Zig:26   | Entered Level 26 of a ziggurat
 93929 | Zig:26   | Found the amulet of the Air {Inacc Air Fly rElec RMsl}
 93980 | Zig:26   | Identified the amulet "Reemyf" {Reflect Dex+4 SH+5}
 93982 | Zig:26   | Identified the +5 rapier of Delicate Absolution {vorpal,
                  | *Corrode Drain rC+ Str+5}
 93987 | Zig:26   | Identified the +3 battleaxe of Blood-Lust {freeze, Will++
                  | rCorr Str+4 Int-4}
 93998 | Zig:26   | Identified the -6 cloak "Yraymiak" {rElec rPois Will+
                  | Stlth+}
 94036 | Zig:27   | Entered Level 27 of a ziggurat
 94041 | Zig:27   | Noticed a juggernaut
 94041 | Zig:27   | Noticed a juggernaut
 94047 | Zig:27   | Noticed a juggernaut
 94047 | Zig:27   | Noticed a juggernaut
 94047 | Zig:27   | Noticed a juggernaut
 94047 | Zig:27   | Noticed a juggernaut
 94047 | Zig:27   | Noticed a juggernaut
 94047 | Zig:27   | Noticed a juggernaut
 94047 | Zig:27   | Noticed a juggernaut
 94047 | Zig:27   | Noticed a juggernaut
 94047 | Zig:27   | Noticed a juggernaut
 94049 | Zig:27   | Killed a juggernaut
 94049 | Zig:27   | Killed a juggernaut
 94049 | Zig:27   | Killed a juggernaut
 94049 | Zig:27   | Killed a juggernaut
 94049 | Zig:27   | Killed a juggernaut
 94050 | Zig:27   | Killed a juggernaut
 94050 | Zig:27   | Killed a juggernaut
 94050 | Zig:27   | Killed a juggernaut
 94050 | Zig:27   | Killed a juggernaut
 94051 | Zig:27   | Killed a juggernaut
 94051 | Zig:27   | Killed a juggernaut
 94112 | Zig:27   | Identified the +1 plate armour "Ytuesche" {+Blink Dex+3}
 94119 | Zig:27   | Got Banof's Thorough Guide to Rites and Rhymes
 94581 | Tomb:1   | Entered Level 1 of the Tomb of the Ancients
 94790 | Tomb:1   | Found the +7 Spriggan's Knife {stab, EV+4 Stlth+}
 94876 | Tomb:1   | Noticed a royal mummy
 94876 | Tomb:1   | Noticed a royal mummy
 94879 | Tomb:1   | Noticed a royal mummy
 94879 | Tomb:1   | Noticed a royal mummy
 94879 | Tomb:1   | Noticed a royal mummy
 94879 | Tomb:1   | Noticed a royal mummy
 94879 | Tomb:1   | Noticed a royal mummy
 95555 | Tomb:2   | Learned a level 8 spell: Necromutation
 95561 | Tomb:3   | Entered Level 3 of the Tomb of the Ancients
 95588 | Tomb:3   | HP: 9/193 [spore (20)]
 95589 | Tomb:3   | Noticed a royal mummy
 95759 | Tomb:3   | Killed a royal mummy
 95760 | Tomb:3   | Noticed a royal mummy
 95760 | Tomb:3   | Noticed a royal mummy
 95761 | Tomb:3   | Noticed a royal mummy
 95765 | Tomb:3   | Noticed a royal mummy
 95765 | Tomb:3   | Noticed a royal mummy
 95765 | Tomb:3   | Noticed a royal mummy
 95767 | Tomb:3   | Reached skill level 15 in Transmutations
 95767 | Tomb:3   | Killed a royal mummy
 95767 | Tomb:3   | Killed a royal mummy
 95769 | Tomb:3   | Killed a royal mummy
 95769 | Tomb:3   | Killed a royal mummy
 95769 | Tomb:3   | Killed a royal mummy
 95778 | Tomb:3   | Killed a royal mummy
 95790 | Tomb:3   | Noticed a royal mummy
 95899 | Tomb:3   | Reached skill level 27 in Dodging
 95899 | Tomb:3   | Found the +8 autumn katana {vorpal, Clar}
 95902 | Tomb:3   | Noticed a royal mummy
 95904 | Tomb:3   | Killed a royal mummy
 95905 | Tomb:3   | Killed a royal mummy
 96162 | Tomb:3   | Identified the +7 hunting sling "Bingo" {freeze, Fly rElec
                  | Dex+4}
 96224 | Tomb:3   | Found the ring of the Octopus King
 96225 | Tomb:3   | Identified the amulet of Axugan {Faith Rampage Regen+
                  | Dex-3}
 96271 | Tomb:3   | Identified the +5 hunting sling of Premature Burial
                  | {vorpal, MP+9}
 96273 | Tomb:3   | Identified a ring of the Octopus King {rF+ AC+1 EV+1 Str+1
                  | Int+1 Dex+1}
 96278 | Tomb:3   | Identified the ring "Rajuterigu" {rPois rC- Str+7 SInv}
 96352 | Tomb:3   | Got a golden rune of Zot
 96503 | Tomb:1   | Paralysed by a Zot trap for 2 turns
 96508 | Tomb:1   | Learned a level 1 spell: Summon Small Mammal
 96521 | Tomb:1   | Killed a royal mummy
 96523 | Tomb:1   | Killed a royal mummy
 96524 | Tomb:1   | Reached skill level 27 in Fighting
 96524 | Tomb:1   | Reached skill level 27 in Unarmed Combat
 96709 | Tomb:1   | Killed a royal mummy
 96737 | Tomb:1   | Killed a royal mummy
 96963 | Tomb:1   | Noticed a royal mummy
 96976 | Tomb:1   | Killed a royal mummy
 96979 | Tomb:1   | Noticed a royal mummy
 96982 | Tomb:1   | Killed a royal mummy
 96992 | Tomb:1   | Killed a royal mummy
 97110 | Tomb:1   | Noticed a royal mummy
 97138 | Tomb:1   | Killed a royal mummy
 97201 | Tomb:1   | Noticed a royal mummy
 97203 | Tomb:1   | Noticed a royal mummy
 97205 | Tomb:1   | Killed a royal mummy
 97210 | Tomb:1   | Killed a royal mummy
 97217 | Tomb:1   | Reached skill level 15 in Air Magic
 97403 | Tomb:1   | Noticed a royal mummy
 97411 | Tomb:1   | Noticed a royal mummy
 97415 | Tomb:1   | Noticed a royal mummy
 97417 | Tomb:1   | Killed a royal mummy
 97422 | Tomb:1   | Killed a royal mummy
 97423 | Tomb:1   | Killed a royal mummy
 97424 | Tomb:1   | Killed a royal mummy
 97431 | Tomb:1   | Killed a royal mummy
 97590 | Tomb:2   | Noticed a royal mummy
 97590 | Tomb:2   | Noticed a royal mummy
 97739 | Tomb:2   | Noticed a royal mummy
 97743 | Tomb:2   | Killed a royal mummy
 97743 | Tomb:2   | Noticed Jory
 97749 | Tomb:2   | Killed Jory
 97759 | Tomb:2   | Noticed a royal mummy
 97766 | Tomb:2   | Killed a royal mummy
 97772 | Tomb:2   | Killed a royal mummy
 97803 | Tomb:2   | Identified the +8 hand axe of Hepnunk {speed, rElec}
 97898 | Tomb:2   | Killed a royal mummy
 98536 | Coc:1    | Entered Level 1 of Cocytus
 98576 | Coc:1    | You fall into a shaft and drop 1 floor!
 98613 | Coc:2    | Learned a level 2 spell: Sublimation of Blood
 98643 | Coc:2    | Learned a level 7 spell: Storm Form
 99211 | Coc:7    | Entered Level 7 of Cocytus
 99241 | Coc:7    | Reached skill level 27 in Earth Magic
 99363 | Coc:7    | Reached skill level 10 in Translocations
 99498 | Coc:7    | Paralysed by a wendigo for 1 turns
 99598 | Coc:7    | Reached skill level 27 in Stealth
 99779 | Coc:7    | Identified the amulet of Byany {Acrobat rN++ Stlth+}
 99779 | Coc:7    | Noticed Antaeus
 99824 | Coc:7    | Killed Antaeus
 99851 | Coc:7    | Got an icy rune of Zot
100079 | Dis:1    | Entered Level 1 of the Iron City of Dis
100260 | Dis:5    | Reached skill level 10 in Necromancy
100644 | Dis:7    | Entered Level 7 of the Iron City of Dis
100826 | Dis:7    | Learned a level 3 spell: Ozocubu's Armour
101122 | Dis:7    | Found the +4 staff of Dispater
101122 | Dis:7    | Noticed Dispater
101152 | Dis:7    | Killed Dispater
101179 | Dis:7    | Got an iron rune of Zot
101276 | Geh:1    | Entered Level 1 of Gehenna
101285 | Geh:1    | Reached skill level 15 in Invocations
101649 | Geh:5    | HP: 9/238 [spore (49)]
101963 | Geh:6    | Noticed an ancient lich
101963 | Geh:6    | Noticed a dread lich
101963 | Geh:6    | Noticed an ancient lich
101963 | Geh:6    | Noticed a dread lich
101963 | Geh:6    | Noticed an ancient lich
101975 | Geh:7    | Entered Level 7 of Gehenna
102067 | Geh:7    | Gained mutation: You are dopey. (Int -2) [mutagenic glow]
102395 | Geh:7    | Found the +7 sceptre of Asmodeus
102395 | Geh:7    | Noticed Asmodeus
102411 | Geh:7    | Killed Asmodeus
102449 | Geh:7    | Got an obsidian rune of Zot
102564 | Tar:1    | Entered Level 1 of Tartarus
102676 | Tar:5    | Acquired 1325 gold pieces
102741 | Tar:7    | Entered Level 7 of Tartarus
102813 | Tar:7    | Noticed Ereshkigal
102816 | Tar:7    | Killed Ereshkigal
102916 | Tar:7    | Noticed an ancient lich
102920 | Tar:7    | Noticed an ancient lich
102924 | Tar:7    | Killed an ancient lich
102927 | Tar:7    | Killed an ancient lich
103155 | Tar:7    | Got a bone rune of Zot
103428 | Vaults:5 | Bought the Handbook of the Entourage and the Arsonist for
                  | 1012 gold pieces
103428 | Vaults:5 | Bought Gan Vynos's Grimoire of Twisted Companions for 1056
                  | gold pieces
103428 | Vaults:5 | Bought a book of Conjurations for 440 gold pieces
103681 | Pan      | Entered Pandemonium
103955 | Pan      | Noticed Hala the pandemonium lord
103958 | Pan      | Killed Hala the pandemonium lord
103967 | Pan      | Got a demonic rune of Zot
104153 | Pan      | Identified the +3 leather armour of Jytoid {Harm Regen+
                  | Dex-2}
104209 | Pan      | Entered the realm of Cerebov.
104426 | Pan      | Found the +6 sword of Cerebov {flame}
104426 | Pan      | Noticed Cerebov
104474 | Pan      | Killed Cerebov
104495 | Pan      | Got a fiery rune of Zot
104550 | Pan      | Gained mutation: You have hidden genetic defects. [a
                  | cacodemon]
104578 | Pan      | Gained mutation: You are weak. (Str -2) [a cacodemon]
104588 | Pan      | Found an exit through the horrors of the Abyss.
104745 | Pan      | Identified the +4 scimitar "Peklefoi" {spect, rElec}
104882 | Pan      | Found a white marble altar of Elyvilon.
105004 | Pan      | Noticed Ivomes the pandemonium lord
105042 | Pan      | Entered the realm of Mnoleg.
105088 | Pan      | Noticed Mnoleg
105102 | Pan      | Gained mutation: You sometimes lose the ability to read
                  | scrolls when taking damage. [a cacodemon]
105117 | Pan      | Killed Mnoleg
105137 | Pan      | Got a glowing rune of Zot
105143 | Pan      | Lost mutation: Your spells are a little harder to cast, but
                  | a little more powerful. [hidden defects]
105242 | Pan      | Lost mutation: You are partially covered in iridescent
                  | scales. (AC +2) [potion of mutation]
105242 | Pan      | Lost mutation: You have hidden genetic defects. [potion of
                  | mutation]
105242 | Pan      | Lost mutation: You are robust. (+10% HP) [potion of
                  | mutation]
105242 | Pan      | Gained mutation: Your flesh is cold resistant. (rC+)
                  | [potion of mutation]
105242 | Pan      | Gained mutation: Potions are less effective at restoring
                  | your health. [potion of mutation]
105242 | Pan      | Gained mutation: You are partially covered in iridescent
                  | scales. (AC +2) [potion of mutation]
105242 | Pan      | Lost mutation: You are dopey. (Int -2) [potion of mutation]
105243 | Pan      | Lost mutation: You are partially covered in iridescent
                  | scales. (AC +2) [potion of mutation]
105243 | Pan      | Lost mutation: You sometimes lose the ability to read
                  | scrolls when taking damage. [potion of mutation]
105243 | Pan      | Lost mutation: You expend magic power (3 MP) to strengthen
                  | your wands. [potion of mutation]
105243 | Pan      | Gained mutation: You are dopey. (Int -2) [potion of
                  | mutation]
105243 | Pan      | Gained mutation: You are partially covered in iridescent
                  | scales. (AC +2) [potion of mutation]
105244 | Pan      | Lost mutation: Potions are less effective at restoring your
                  | health. [potion of mutation]
105244 | Pan      | Lost mutation: You are weak. (Str -2) [potion of mutation]
105244 | Pan      | Gained mutation: Your flesh is very cold resistant. (rC++)
                  | [potion of mutation]
105244 | Pan      | Lost mutation: You are dopey. (Int -2) [potion of mutation]
105246 | Pan      | Entered the realm of Lom Lobon.
105246 | Pan      | Noticed Lom Lobon
105258 | Pan      | Killed Lom Lobon
105268 | Pan      | Got a magical rune of Zot
105425 | Pan      | Entered the realm of Gloorx Vloq.
105529 | Pan      | Noticed Gloorx Vloq
105539 | Pan      | Killed Gloorx Vloq
105543 | Pan      | Got a dark rune of Zot
105557 | Pan      | Found an exit through the horrors of the Abyss.
105560 | Pan      | Took an exit into the Abyss.
105560 | Abyss:1  | Escaped into the Abyss
105580 | Abyss:3  | Found a corrupted altar of Lugonu.
105691 | Abyss:3  | Gained mutation: You are weak. (Str -2) [a shining eye]
105697 | Abyss:3  | Lost mutation: Your flesh is very heat resistant. (rF++)
                  | [potion of mutation]
105697 | Abyss:3  | Lost mutation: You are weak. (Str -2) [potion of mutation]
105697 | Abyss:3  | Lost mutation: You are partially covered in iridescent
                  | scales. (AC +2) [potion of mutation]
105697 | Abyss:3  | Gained mutation: You expend magic power (3 MP) to
                  | strengthen your wands. [potion of mutation]
105697 | Abyss:3  | Gained mutation: You sometimes lose the ability to read
                  | scrolls when taking damage. [potion of mutation]
105698 | Abyss:3  | Lost mutation: Your flesh is very cold resistant. (rC++)
                  | [potion of mutation]
105698 | Abyss:3  | Lost mutation: You expend magic power (3 MP) to strengthen
                  | your wands. [potion of mutation]
105698 | Abyss:3  | Lost mutation: You sometimes lose the ability to read
                  | scrolls when taking damage. [potion of mutation]
105698 | Abyss:3  | Gained mutation: Your flesh is very cold resistant. (rC++)
                  | [potion of mutation]
105698 | Abyss:3  | Gained mutation: You have a pair of small antennae on your
                  | head. [potion of mutation]
105699 | Abyss:3  | Lost mutation: You have a pair of small antennae on your
                  | head. [potion of mutation]
105699 | Abyss:3  | Gained mutation: Your system is resistant to poisons.
                  | (rPois) [potion of mutation]
105699 | Abyss:3  | Gained mutation: You expend magic power (3 MP) to
                  | strengthen your wands. [potion of mutation]
105902 | Abyss:3  | Noticed an ancient lich
105911 | Abyss:3  | Killed an ancient lich
106286 | Abyss:4  | Got an abyssal rune of Zot
106292 | Depths:2 | Escaped the Abyss
106487 | Zot:5    | Killed an orb of fire
106524 | Zot:5    | Got the Orb of Zot
106605 | Zot:4    | Noticed Leablit the pandemonium lord
106611 | Zot:4    | Killed Leablit the pandemonium lord
106819 | Depths:2 | Noticed Vikops the pandemonium lord
106830 | Depths:2 | Killed Vikops the pandemonium lord
106845 | Depths:2 | Reached skill level 5 in Conjurations
107197 | D:$      | Escaped with the Orb!

Illustrated notes

Levels and vault maps discovered:
D:1:      sevenhm_arrival_forest_fort_small_3, layout_basic,
          hellmonk_ecumenical_altar_arch_garden, minmay_tetromino_i4
D:2:      layout_loops_corners, uniq_robin, uniq_crazy_yiuf_cottage,
          uniq_sigmund
D:3:      layout_loops_ring, mainiacjoe_overflow_small_starburst,
          mainiacjoe_overflow_brackets, fedhas_altar_4
D:4:      layout_basic, portal_sewer_entry_e, uniq_blork_the_orc
D:5:      layout_basic, gammafunk_temple_overflow_pools,
          minmay_temple_entry_grid, serial_shops, nicolae_diamond_shop
D:6:      layout_basic, kennysheep_okawaru_gauntlet
D:7:      layout_cave_pods, kb_rosetta
D:8:      minmay_the_grid_square_5x5_3x3 [minmay_the_grid_square_5x5_moneybag,
          minmay_the_grid_square_5x5_half_checkered,
          minmay_the_grid_square_5x5_spiral_small, minmay_the_grid_square_5x5_v,
          minmay_the_grid_square_5x5_megaprize_crossed,
          minmay_the_grid_square_5x5_pentomino_r,
          minmay_the_grid_square_5x5_n_small, minmay_the_grid_square_5x5_inset,
          minmay_the_grid_square_5x5_gyroscope], layout_cave_pools,
          nicolae_tso_carved_into_rock, mainiacjoe_overflow_alcove_4
D:9:      layout_roguey, demons_altar, serial_shops, kennysheep_mini,
          enter_bailey_3
D:10:     layout_long_grid, grunt_decor_arrowhead, uniq_urug
D:11:     layout_grid_maze, grunt_lair_entry_orc_guard_hut, serial_undead,
          serial_undead_a, serial_undead_e, serial_undead_d, serial_undead_d,
          special_room [special_room_bee], uniq_sonja
D:12:     layout_loops_cross, minmay_orc_entry_temple_small,
          kennysheep_slug_shrine
D:13:     layout_basic, serial_shops, nicolae_shop_waterfront, uniq_snorg
D:14:     layout_loops_ring, david_vaults_3, nicolae_ru_the_path_less_chosen,
          special_room [special_room_orc], portal_ice_cave_entry_pillars_2,
          kennysheep_generic_room_15
D:15:     grunt_enter_depths_magical_seal, layout_basic,
          minmay_tree_intersection, chequers_mini_garden, elyvilon_altar_1,
          uniq_kirke
Temple:   dshaligram_water_room_temple
Lair:1:   layout_gridlike
Lair:2:   layout_cellular_growth, swamp_mist_pool, minmay_hedge_maze,
          grunt_forest_stairs_clearing
Lair:3:   layout_cave_pods, special_room, st_stairs_13, grunt_megastairs_4
Lair:4:   layout_cave_pods, spider_nest_entry_webs
Lair:5:   layout_hall_layers, dpeg_slime_entry_enclosed_altar
Lair:6:   hellmonk_lair_end_abyssal_woods, layout_gridlike, special_room
          [special_room_mythical_zoo], gammafunk_ghost_cemetery,
          hibernation_bobbens
Swamp:1:  nicolae_swamp_standing_stones, layout_basic_swamp,
          nicolae_swamp_bean_lake, swamp_pool1, grunt_witch_cave
Swamp:2:  layout_basic_swamp, nicolae_swamp_tree_designs, uniq_roxanne
Swamp:3:  layout_basic_swamp, nicolae_swamp_small_spring, swamp_pool4,
          nicolae_swamp_stair_fork, infiniplex_staircase_pool
Swamp:4:  swamp_icy, layout_basic_swamp
Spider:1: layout_chambers, nicolae_spider_jagged_tunnels
Spider:2: layout_chambers, nicolae_spider_bug_shape, uniq_donald
Spider:3: layout_spider_delve
Spider:4: grunt_spider_rune_circles, drop_trap,
          hangedman_spider_tarantella_strand, uniq_mara
Slime:1:  layout_caves
Slime:2:  layout_caves
Slime:3:  layout_caves
Slime:4:  layout_caves
Slime:5
Orc:1:    layout_caves
Orc:2:    st_orc_ogre_mass, layout_caves, gammafunk_ghost_stat_death
Elf:1:    minmay_elf_arrival_plus, layout_loops_cross, serial_shops,
          nicolae_shop_stone, minmay_elf_demonology
Elf:2:    nicolae_elf_blades_crystal_corner, layout_rooms, serial_shops,
          nicolae_stop_n_shop_2, nicolae_rare_books, small_chamber_with_monster,
          uniq_jorgrun
Elf:3:    minmay_elf_hall_not_hex, layout_loops_cross, serial_shops,
          nicolae_shop_statue_plus
Vaults:1: gammafunk_ghost_cemetery, v_pattern_3, hangedman_vaults_impose,
          v_misc_33, ontoclasm_vaults_chip, layout_vaults_omnigrid,
          serial_shops, shop_fountains
Vaults:2: gammafunk_ghost_crypt, nicolae_vaults_c_with_doors,
          vaults_room_stairs_pillars, grunt_vaults_swirl,
          ontoclasm_vaults_twist, vaults_room_semicircle,
          nicolae_vaults_gold_heap, ontoclasm_vaults_claustrophobia,
          vaults_room_pool, v_alt_pattern_2, grunt_vaults_hallway_long,
          vaults_mumra_hexcomb, hangedman_vaults_variations,
          nicolae_vaults_three_branches, dpeg_vaults_monster_row,
          layout_vaults_omnicross
Vaults:3: blue_anna_dwarven_crypt, nicolae_vaults_network_quinsquares
          [nicolae_vaults_network_quincunx_subvault,
          nicolae_vaults_network_quincunx_subvault,
          nicolae_vaults_network_quincunx_subvault,
          nicolae_vaults_network_quincunx_subvault], vaults_room_semicircle,
          hangedman_vaults_corner, vaults_dpeg_diagonal,
          nicolae_vaults_ring_of_whatevers, vaults_room_fancy_cross,
          hangedman_vaults_river_flow, grunt_vaults_bifocal, v_misc_32,
          v_misc_8, v_alt_pattern_3, v_misc_14, nicolae_vaults_big_angled_halls,
          grunt_vaults_twisty, ontoclasm_vaults_idyll,
          nicolae_vaults_sealed_display, layout_vaults_omnibox, uniq_asterion
Vaults:4: vaults_room_fours, vaults_room_stairs_pillars,
          nicolae_vaults_windows_and_doors_thing, hangedman_vaults_stream,
          v_misc_18, vaults_room_glass_cross, v_pattern_2, vaults_room_fours,
          layout_vaults_big_room
Vaults:5: serial_shops, uniq_margery
Crypt:1:  layout_regular_city, grunt_crypt_arrival_guarded_gate,
          grunt_megastairs_5
Crypt:2:  layout_catacombs, serial_sigils_hangedman_leer, st_stairs_4,
          fountainhead, uniq_khufu
Crypt:3:  david_glass_crypt, layout_misc_corridors,
          tomb_entry_forgotten_bobbens, uniq_frederick
Tomb:1
Tomb:2:   uniq_jory
Tomb:3
Depths:1: layout_basic, grunt_metal_band, amcnicky_mini_pool_small,
          abyss_entry_small_statue_room, evilmike_ruin_ashenzari,
          serial_bayou_shore_a, minmay_shop_grove
Depths:2: minmay_strange_plus, layout_honeycomb, kennysheep_flooded_box,
          rand_demon_pan_entry_1, minmay_room_of_horrors, hell_entry,
          serial_sigils, serial_sigils_hangedman_snap,
          serial_sigils_hangedman_scar, serial_sigils_hangedman_snap,
          serial_sigils_hangedman_gnaw, serial_sigils_hangedman_shear,
          uniq_aizul, uniq_nikola
Depths:3: evilmike_pillar_path, layout_basic, nicolae_qazlal_eye_of_the_storm,
          abyss_entry_crystal, hell_entry
Depths:4: grunt_twist_and_shout, layout_honeycomb, enter_ziggurat_d,
          grunt_pan_entry_spiral, serial_shops, shop, minmay_misc_feat_pillars,
          abyss_entry, hell_entry, xom_confusion_cloud, uniq_enchantress
Hell
Dis:1:    layout_regular_city, hangedman_dis_chains,
          nicolae_dis_big_boring_drill
Dis:2:    layout_jigsaw
Dis:3:    layout_regular_city
Dis:4:    layout_jigsaw
Dis:5:    layout_regular_city, nicolae_dis_having_a_grate_time
Dis:6:    layout_regular_city, nicolae_dis_spooky_hallway
Dis:7:    iron_city_of_dis [dis_old, dis_wall_4], layout_gridville,
          nrook_loot_triangle
Geh:1:    layout_gehenna_lava_caves
Geh:2:    layout_gehenna_pools_triple
Geh:3:    layout_gehenna_pools_triple
Geh:4:    layout_gehenna_pools_triple, nicolae_geh_fiery_graves
          [nicolae_geh_single_fiery_grave, nicolae_geh_single_fiery_grave,
          nicolae_geh_single_fiery_grave, nicolae_geh_single_fiery_grave,
          nicolae_geh_single_fiery_grave, nicolae_geh_single_fiery_grave,
          nicolae_geh_single_fiery_grave, nicolae_geh_single_fiery_grave,
          nicolae_geh_single_fiery_grave]
Geh:5:    nicolae_geh_i_lava_good_maze [nicolae_geh_lavamaze_orthhalf_recurse,
          nicolae_geh_lavamaze_orthhalf_recurse]
Geh:6:    layout_gehenna_pools_box, nicolae_geh_liches_on_tour
Geh:7:    evilmike_geh
Coc:1:    layout_ice_bergs, nicolae_coc_statues_of_limitations
Coc:2:    layout_ice_bergs, serial_ice, serial_ice_h, serial_ice_e
Coc:3:    layout_ice_bergs
Coc:4:    layout_cocytus_delve
Coc:5:    layout_cocytus_delve, nicolae_hells_hurtin_island
Coc:6:    layout_cocytus_water_paths
Coc:7:    coc_grunt_cove [coc_grunt_cove_antaeus, coc_grunt_cove_fiend,
          coc_grunt_cove_fiend, coc_grunt_cove_fiend, coc_grunt_cove_fiend]
Tar:1:    layout_honeycomb
Tar:2:    layout_grid_maze
Tar:3:    layout_honeycomb
Tar:4:    layout_cathedral_of_symmetry
Tar:5:    hangedman_tartarus_temple_path, layout_cathedral_of_symmetry
Tar:6:    minmay_shadows, layout_grid_maze
Tar:7:    tar_grunt_cathedral
Zot:1:    layout_misc_corridors
Zot:2:    layout_basic, grunt_megastairs_2
Zot:3:    layout_misc_corridors
Zot:4:    regret_index_qazlal_generations, layout_gridlike, zot_minivault_1
Zot:5:    layout_twisted_circle, lemuel_golem_globe

Skill      XL: |  1  2  3  4  5  6  7  8  9 10 11 12 13 14 15 16 17 18 19 20 21 22 23 24 25 26 27 |
---------------+----------------------------------------------------------------------------------+-----
Dodging        | 3 4 5 7 8 10 12 14 15 17 18 19 20 21 22 27 | 27.0
Unarmed Combat | 3 4 5 6 7 9 10 12 13 14 16 18 19 20 21 22 27 | 27.0
Fighting       | 4 5 6 7 9 10 12 13 14 15 17 18 19 20 21 22 27 | 27.0
Spellcasting   | 1 2 3 4 5 7 8 9 10 11 13 15 26 | 26.6
Conjurations   | 1 2 5 |  5.0
Fire Magic     | 1 2 |  2.0
Evocations     | 1 2 3 4 5 7 9 10 12 | 12.0
Stealth        | 7 9 10 12 13 14 15 17 18 19 20 21 22 27 | 27.0
Hexes          | 3 4 6 9 12 | 12.0
Transmutations | 1 7 11 12 13 14 20 | 20.3
Invocations    | 1 2 5 9 10 12 13 14 21 | 21.3
Earth Magic    | 1 3 7 11 12 14 15 16 27 | 27.0
Translocations | 3 9 11 | 11.0
Ice Magic      | 2 |  2.0
Air Magic      | 5 10 12 14 20 | 20.0
Necromancy     | 3 5 10 | 10.0

Action                   |  1- 3 |  4- 6 |  7- 9 | 10-12 | 13-15 | 16-18 | 19-21 | 22-24 | 25-27 || total
-------------------------+-------+-------+-------+-------+-------+-------+-------+-------+-------++-------
Melee: Unarmed           |    92 |   110 |   129 |   289 |   686 |  1190 |   805 |  1019 |  2863 ||  7183
       Bite              |     7 |     9 |    17 |    26 |    67 |    89 |    75 |    63 |   246 ||   599
       Punch             |     1 |     3 |     4 |    18 |    45 |    89 |    66 |    87 |   247 ||   560
       Tailslap          |       |       |       |       |       |       |       |       |    21 ||    21
 Cast: Foxfire           |       |    11 |   142 |   139 |   121 |    25 |       |       |       ||   438
       Conjure Flame     |       |     1 |    20 |    13 |    10 |     3 |       |       |       ||    47
       Inner Flame       |       |       |    38 |    68 |    61 |    31 |       |       |       ||   198
       Passwall          |       |       |       |     5 |    17 |     5 |       |     6 |    22 ||    55
       Invisibility      |       |       |       |    17 |    65 |    75 |    30 |    33 |    61 ||   281
       Ozocubu's Armour  |       |       |       |     1 |     8 |    18 |     7 |     1 |     3 ||    38
       Apportation       |       |       |       |       |       |     8 |     5 |     1 |   100 ||   114
       Storm Form        |       |       |       |       |       |    28 |     7 |    17 |    26 ||    78
       Statue Form       |       |       |       |       |       |    10 |    60 |    62 |   155 ||   287
       Lee's Rapid Decon |       |       |       |       |       |     4 |    22 |    62 |    54 ||   142
       Borgnjor's Vile C |       |       |       |       |       |     1 |    27 |    14 |    39 ||    81
       Sublimation of Bl |       |       |       |       |       |       |       |    26 |    90 ||   116
       Lesser Beckoning  |       |       |       |       |       |       |       |     5 |    62 ||    67
       Silence           |       |       |       |       |       |       |       |     1 |       ||     1
       Irradiate         |       |       |       |       |       |       |       |       |    52 ||    52
       Manifold Assault  |       |       |       |       |       |       |       |       |   219 ||   219
       Shatter           |       |       |       |       |       |       |       |       |   130 ||   130
       Dragon Form       |       |       |       |       |       |       |       |       |    24 ||    24
       Passage of Golubr |       |       |       |       |       |       |       |       |    19 ||    19
       Blink             |       |       |       |       |       |       |       |       |     7 ||     7
       Necromutation     |       |       |       |       |       |       |       |       |     1 ||     1
       Summon Small Mamm |       |       |       |       |       |       |       |       |     1 ||     1
Invok: Grow Oklob        |       |       |       |       |     2 |     3 |     9 |       |     7 ||    21
       Grow Ballistomyce |       |       |       |       |     4 |     3 |       |     5 |     5 ||    17
       Wall of Briars    |       |       |       |       |       |       |       |       |     1 ||     1
 Abil: End Transformatio |       |       |       |       |       |     1 |     3 |     8 |    55 ||    67
       Blinkbolt         |       |       |       |       |       |     1 |       |     1 |       ||     2
       Breathe Fire      |       |       |       |       |       |       |       |       |     2 ||     2
Evoke: Wand              |       |     2 |     9 |     6 |    32 |    49 |    14 |    11 |   101 ||   224
       Lightning rod     |       |       |       |     7 |    12 |     5 |     4 |       |       ||    28
       Tin of tremorston |       |       |       |     2 |     4 |     5 |     3 |     2 |    15 ||    31
       Box of beasts     |       |       |       |       |       |     4 |     3 |     1 |     5 ||    13
       Condenser vane    |       |       |       |       |       |     1 |     6 |     3 |    16 ||    26
       Phial of floods   |       |       |       |       |       |       |     1 |     3 |       ||     4
       Phantom mirror    |       |       |       |       |       |       |       |     1 |    10 ||    11
  Use: Scroll            |     5 |     1 |     4 |     9 |     8 |    14 |     6 |     9 |    54 ||   110
       Potion            |     1 |     2 |     2 |     1 |     8 |    16 |     6 |    16 |    70 ||   122
 Stab: Sleeping          |    14 |     7 |     5 |    30 |    92 |    49 |    57 |    70 |   143 ||   467
       Distracted        |     1 |       |       |     1 |     1 |     3 |     2 |     7 |    10 ||    25
       Paralysed         |       |     2 |     3 |     1 |       |       |       |     1 |     4 ||    11
       Invisible         |       |       |       |    22 |   107 |   187 |    80 |    97 |   148 ||   641
       Confused          |       |       |       |       |     2 |       |       |     6 |     2 ||    10
       Held in net/web   |       |       |       |       |       |     4 |       |       |       ||     4
       Betrayed ally     |       |       |       |       |       |       |     1 |       |       ||     1
Armor: Skin              |     1 |     2 |     3 |    26 |    29 |   143 |   206 |   186 |   548 ||  1144
Dodge: Dodged            |    43 |    51 |    91 |   288 |   411 |  1520 |  1016 |  1295 |  4663 ||  9378
Block: Other             |       |    13 |     4 |       |       |       |       |       |       ||    17

Table legend: (Time is in decaauts)
 A = Elapsed time spent in this place.
 B = Non-inter-level travel time spent in this place.
 C = Inter-level travel time spent in this place.
 D = Time resting spent in this place.
 E = Time spent auto-exploring this place.
 F = Levels seen in this place.
 G = Mean time per level.
                   A        B        C        D        E       F      G
               +--------+--------+--------+--------+--------+-----+--------+
         Total | 102169 |  96099 |   6070 |  36288 |  31425 | 136 |  751.2 |
       Dungeon |  24316 |  22108 |   2208 |   9326 |   6846 |  15 | 1621.1 |
        Temple |    273 |    273 |      0 |    164 |     80 |   1 |  273.0 |
          Lair |   7360 |   6832 |    528 |   1869 |   3736 |   6 | 1226.7 |
         Swamp |   4785 |   4610 |    175 |   2035 |   1564 |   4 | 1196.2 |
   Spider Nest |  11954 |  11706 |    248 |   6047 |   3716 |   4 | 2988.5 |
    Slime Pits |   1896 |   1877 |     19 |    618 |    721 |   5 |  379.2 |
  Orcish Mines |   2002 |   1771 |    231 |    698 |    502 |   2 | 1001.0 |
   Elven Halls |   2570 |   2400 |    170 |    146 |   1267 |   3 |  856.7 |
        Vaults |  13264 |  12534 |    730 |   5528 |   4080 |   5 | 2652.8 |
         Crypt |   4973 |   4632 |    341 |   1598 |   1756 |   3 | 1657.7 |
          Tomb |   3861 |   3670 |    191 |   1748 |    632 |   3 | 1287.0 |
        Depths |   5083 |   4446 |    637 |    931 |   2346 |   4 | 1270.8 |
          Hell |    688 |    610 |     78 |     57 |    251 |   1 |  688.0 |
           Dis |   1256 |   1225 |     31 |    286 |    142 |   7 |  179.4 |
       Gehenna |   1170 |   1150 |     20 |    296 |    298 |   7 |  167.1 |
       Cocytus |   1782 |   1782 |      0 |    562 |    159 |   7 |  254.6 |
      Tartarus |    731 |    731 |      0 |    100 |      0 |   7 |  104.4 |
           Zot |   5482 |   5025 |    457 |    830 |   2533 |   5 | 1096.4 |
         Abyss |    691 |    691 |      0 |      0 |      0 |   4 |  172.8 |
   Pandemonium |   1794 |   1794 |      0 |    355 |    134 |  14 |  128.1 |
      Ziggurat |   3889 |   3889 |      0 |   1645 |    536 |  27 |  144.0 |
        Bailey |    416 |    416 |      0 |    221 |     66 |   1 |  416.0 |
      Ice Cave |   1924 |   1924 |      0 |   1218 |     52 |   1 | 1924.0 |
               +--------+--------+--------+--------+--------+-----+--------+

Top non-repeatable levels by time:
Spider:2: 3941 daAuts
Vaults:5: 3494 daAuts
Spider:4: 3300 daAuts
     D:7: 3190 daAuts
Vaults:2: 3048 daAuts
  Lair:6: 2734 daAuts
Vaults:1: 2600 daAuts
Spider:1: 2418 daAuts
Spider:3: 2294 daAuts
Vaults:3: 2093 daAuts
     D:8: 2084 daAuts
Vaults:4: 2028 daAuts
    D:11: 1998 daAuts
     D:2: 1952 daAuts
 Crypt:1: 1942 daAuts
